Workbook
Name ActualAccountId: 'Actual Tab'!$E:$E
Name ActualInvoicable: 'Actual Tab'!$M:$M
Name ActualInvoiceMonth: 'Actual Tab'!$B:$B
Name ActualInvoiceYear: 'Actual Tab'!$A:$A
Name ActualResettle: 'Actual Tab'!$W:$W
Name ActualResourceGroup: 'Actual Tab'!$J:$J
Name ActualResourceItem: 'Actual Tab'!$K:$K
Name ActualSummaryItem: 'Actual Tab'!$L:$L
Name ActualTieCategory: 'Actual Tab'!$Q:$Q
Name ActualTieEntity: 'Actual Tab'!$P:$P
Name ActualUnit: 'Actual Tab'!$N:$N
Name ActualValue: 'Actual Tab'!$O:$O
Name BudgetInvoiceMonth: [1]Budget!$B:$B
Name BudgetMonth: [1]Budget!$B:$B
Name BudgetResourceGroup: [1]Budget!$L:$L
Name BudgetResourceItem: [1]Budget!$O:$O
Name BudgetSummaryItem: [1]Budget!$P:$P
Name BudgetValue: [1]Budget!$R:$R
Name LongTermActualBudget: '[1]Long Term Resources Detail'!$Q$1:$Q$3443
Name LongTermMonth: '[1]Long Term Resources Detail'!$C$3:$N$3
Name LongTermResourceGroup: '[1]Long Term Resources Detail'!$R$1:$R$3443
Name LongTermResourceItem: '[1]Long Term Resources Detail'!$B$1:$B$3443
Name LongTermValue: '[1]Long Term Resources Detail'!$C$1:$N$3443
Name Resource_Group: [2]Lookups!$C$3:$C$67

Sheet Test Year
B2: WASHINGTON ELECTRIC COOPERATIVE
B3: EXHIBIT WEC-SPE-9: TEST YEAR REC VOLUMES AND REVENUES
C5: 2021 | D5: 2021 | E5: 2021 | F5: 2021 | G5: 2021 | H5: 2021 | I5: 2022 | J5: 2022 | K5: 2022 | L5: 2022 | M5: 2022 | N5: 2022
B6: Resource | C6: 7 | D6: 8 | E6: 9 | F6: 10 | G6: 11 | H6: 12 | I6: 1 | J6: 2 | K6: 3 | L6: 4 | M6: 5 | N6: 6 | O6: MWH
B7: Coventry Landfill | C7: =SUMIFS(ActualValue,ActualResourceGroup,'Test Year'!$B7,ActualInvoiceMonth,'Test Year'!C$6,ActualInvoiceYear,'Test Year'!C$5,ActualSummaryItem,"energy (kwh)")/1000 -> 4592.7759 | D7: =SUMIFS(ActualValue,ActualResourceGroup,'Test Year'!$B7,ActualInvoiceMonth,'Test Year'!D$6,ActualInvoiceYear,'Test Year'!D$5,ActualSummaryItem,"energy (kwh)")/1000 -> 4159.411 | E7: =SUMIFS(ActualValue,ActualResourceGroup,'Test Year'!$B7,ActualInvoiceMonth,'Test Year'!E$6,ActualInvoiceYear,'Test Year'!E$5,ActualSummaryItem,"energy (kwh)")/1000 -> 4066.039 | F7: =SUMIFS(ActualValue,ActualResourceGroup,'Test Year'!$B7,ActualInvoiceMonth,'Test Year'!F$6,ActualInvoiceYear,'Test Year'!F$5,ActualSummaryItem,"energy (kwh)")/1000 -> 3428.165 | G7: =SUMIFS(ActualValue,ActualResourceGroup,'Test Year'!$B7,ActualInvoiceMonth,'Test Year'!G$6,ActualInvoiceYear,'Test Year'!G$5,ActualSummaryItem,"energy (kwh)")/1000 -> 4216.707 | H7: =SUMIFS(ActualValue,ActualResourceGroup,'Test Year'!$B7,ActualInvoiceMonth,'Test Year'!H$6,ActualInvoiceYear,'Test Year'!H$5,ActualSummaryItem,"energy (kwh)")/1000 -> 4146.805 | I7: =SUMIFS(ActualValue,ActualResourceGroup,'Test Year'!$B7,ActualInvoiceMonth,'Test Year'!I$6,ActualInvoiceYear,'Test Year'!I$5,ActualSummaryItem,"energy (kwh)")/1000 -> 4030.7261 | J7: =SUMIFS(ActualValue,ActualResourceGroup,'Test Year'!$B7,ActualInvoiceMonth,'Test Year'!J$6,ActualInvoiceYear,'Test Year'!J$5,ActualSummaryItem,"energy (kwh)")/1000 -> 3653.641 | ... N7: =SUMIFS(ActualValue,ActualResourceGroup,'Test Year'!$B7,ActualInvoiceMonth,'Test Year'!N$6,ActualInvoiceYear,'Test Year'!N$5,ActualSummaryItem,"energy (kwh)")/1000 -> 3575.799 | O7: =SUM(C7:N7) -> 48802.044
B8: HQUS | C8: 0 | D8: 0 | E8: 0 | F8: 0 | G8: 0 | H8: 0 | I8: 0 | J8: 0 | K8: 0 | L8: 0 | M8: 0 | N8: 0 | O8: 0
B9: NYPA Niagara Contract | C9: =SUMIFS(ActualValue,ActualResourceGroup,'Test Year'!$B9,ActualInvoiceMonth,'Test Year'!C$6,ActualInvoiceYear,'Test Year'!C$5,ActualResourceItem,"energy (kwh)")/1000 -> 1054.082 | D9: =SUMIFS(ActualValue,ActualResourceGroup,'Test Year'!$B9,ActualInvoiceMonth,'Test Year'!D$6,ActualInvoiceYear,'Test Year'!D$5,ActualResourceItem,"energy (kwh)")/1000 -> 1056.537 | E9: =SUMIFS(ActualValue,ActualResourceGroup,'Test Year'!$B9,ActualInvoiceMonth,'Test Year'!E$6,ActualInvoiceYear,'Test Year'!E$5,ActualResourceItem,"energy (kwh)")/1000 -> 1019.971 | F9: =SUMIFS(ActualValue,ActualResourceGroup,'Test Year'!$B9,ActualInvoiceMonth,'Test Year'!F$6,ActualInvoiceYear,'Test Year'!F$5,ActualResourceItem,"energy (kwh)")/1000 -> 1049.656 | G9: =SUMIFS(ActualValue,ActualResourceGroup,'Test Year'!$B9,ActualInvoiceMonth,'Test Year'!G$6,ActualInvoiceYear,'Test Year'!G$5,ActualResourceItem,"energy (kwh)")/1000 -> 1030.55 | H9: =SUMIFS(ActualValue,ActualResourceGroup,'Test Year'!$B9,ActualInvoiceMonth,'Test Year'!H$6,ActualInvoiceYear,'Test Year'!H$5,ActualResourceItem,"energy (kwh)")/1000 -> 992.877 | I9: =SUMIFS(ActualValue,ActualResourceGroup,'Test Year'!$B9,ActualInvoiceMonth,'Test Year'!I$6,ActualInvoiceYear,'Test Year'!I$5,ActualResourceItem,"energy (kwh)")/1000 -> 997.492 | J9: =SUMIFS(ActualValue,ActualResourceGroup,'Test Year'!$B9,ActualInvoiceMonth,'Test Year'!J$6,ActualInvoiceYear,'Test Year'!J$5,ActualResourceItem,"energy (kwh)")/1000 -> 877.754 | ... N9: =SUMIFS(ActualValue,ActualResourceGroup,'Test Year'!$B9,ActualInvoiceMonth,'Test Year'!N$6,ActualInvoiceYear,'Test Year'!N$5,ActualResourceItem,"energy (kwh)")/1000 -> 806.78 | O9: =SUM(C9:N9) -> 11249.907
B10: NYPA St. Lawrence Contract | C10: =SUMIFS(ActualValue,ActualResourceGroup,'Test Year'!$B10,ActualInvoiceMonth,'Test Year'!C$6,ActualInvoiceYear,'Test Year'!C$5,ActualResourceItem,"energy (kwh)")/1000 -> 20.181 | D10: =SUMIFS(ActualValue,ActualResourceGroup,'Test Year'!$B10,ActualInvoiceMonth,'Test Year'!D$6,ActualInvoiceYear,'Test Year'!D$5,ActualResourceItem,"energy (kwh)")/1000 -> 19.398 | E10: =SUMIFS(ActualValue,ActualResourceGroup,'Test Year'!$B10,ActualInvoiceMonth,'Test Year'!E$6,ActualInvoiceYear,'Test Year'!E$5,ActualResourceItem,"energy (kwh)")/1000 -> 19.561 | F10: =SUMIFS(ActualValue,ActualResourceGroup,'Test Year'!$B10,ActualInvoiceMonth,'Test Year'!F$6,ActualInvoiceYear,'Test Year'!F$5,ActualResourceItem,"energy (kwh)")/1000 -> 20.088 | G10: =SUMIFS(ActualValue,ActualResourceGroup,'Test Year'!$B10,ActualInvoiceMonth,'Test Year'!G$6,ActualInvoiceYear,'Test Year'!G$5,ActualResourceItem,"energy (kwh)")/1000 -> 16.957 | H10: =SUMIFS(ActualValue,ActualResourceGroup,'Test Year'!$B10,ActualInvoiceMonth,'Test Year'!H$6,ActualInvoiceYear,'Test Year'!H$5,ActualResourceItem,"energy (kwh)")/1000 -> 21.762 | I10: =SUMIFS(ActualValue,ActualResourceGroup,'Test Year'!$B10,ActualInvoiceMonth,'Test Year'!I$6,ActualInvoiceYear,'Test Year'!I$5,ActualResourceItem,"energy (kwh)")/1000 -> 24.761 | J10: =SUMIFS(ActualValue,ActualResourceGroup,'Test Year'!$B10,ActualInvoiceMonth,'Test Year'!J$6,ActualInvoiceYear,'Test Year'!J$5,ActualResourceItem,"energy (kwh)")/1000 -> 20.181 | ... N10: =SUMIFS(ActualValue,ActualResourceGroup,'Test Year'!$B10,ActualInvoiceMonth,'Test Year'!N$6,ActualInvoiceYear,'Test Year'!N$5,ActualResourceItem,"energy (kwh)")/1000 -> 23.374 | O10: =SUM(C10:N10) -> 262.988
B11: Ryegate Facility | C11: =SUMIFS(ActualValue,ActualResourceGroup,'Test Year'!$B11,ActualInvoiceMonth,'Test Year'!C$6,ActualInvoiceYear,'Test Year'!C$5,ActualSummaryItem,"energy (kwh)")/1000*0.9 -> 175.99262 | D11: =SUMIFS(ActualValue,ActualResourceGroup,'Test Year'!$B11,ActualInvoiceMonth,'Test Year'!D$6,ActualInvoiceYear,'Test Year'!D$5,ActualSummaryItem,"energy (kwh)")/1000*0.9 -> 174.38994 | E11: =SUMIFS(ActualValue,ActualResourceGroup,'Test Year'!$B11,ActualInvoiceMonth,'Test Year'!E$6,ActualInvoiceYear,'Test Year'!E$5,ActualSummaryItem,"energy (kwh)")/1000*0.9 -> 115.23892 | F11: =SUMIFS(ActualValue,ActualResourceGroup,'Test Year'!$B11,ActualInvoiceMonth,'Test Year'!F$6,ActualInvoiceYear,'Test Year'!F$5,ActualSummaryItem,"energy (kwh)")/1000*0.9 -> 175.18828 | G11: =SUMIFS(ActualValue,ActualResourceGroup,'Test Year'!$B11,ActualInvoiceMonth,'Test Year'!G$6,ActualInvoiceYear,'Test Year'!G$5,ActualSummaryItem,"energy (kwh)")/1000*0.9 -> 188.9454 | H11: =SUMIFS(ActualValue,ActualResourceGroup,'Test Year'!$B11,ActualInvoiceMonth,'Test Year'!H$6,ActualInvoiceYear,'Test Year'!H$5,ActualSummaryItem,"energy (kwh)")/1000*0.9 -> 173.14818 | I11: =SUMIFS(ActualValue,ActualResourceGroup,'Test Year'!$B11,ActualInvoiceMonth,'Test Year'!I$6,ActualInvoiceYear,'Test Year'!I$5,ActualSummaryItem,"energy (kwh)")/1000*0.9 -> 191.11228 | J11: =SUMIFS(ActualValue,ActualResourceGroup,'Test Year'!$B11,ActualInvoiceMonth,'Test Year'!J$6,ActualInvoiceYear,'Test Year'!J$5,ActualSummaryItem,"energy (kwh)")/1000*0.9 -> 173.59847 | ... N11: =SUMIFS(ActualValue,ActualResourceGroup,'Test Year'!$B11,ActualInvoiceMonth,'Test Year'!N$6,ActualInvoiceYear,'Test Year'!N$5,ActualSummaryItem,"energy (kwh)")/1000*0.9 -> 164.01549 | O11: =SUM(C11:N11) -> 2032.4198
B12: Sheffield Wind | C12: =SUMIFS(ActualValue,ActualResourceGroup,'Test Year'!$B12,ActualInvoiceMonth,'Test Year'!C$6,ActualInvoiceYear,'Test Year'!C$5,ActualSummaryItem,"energy (kwh)")/1000 -> 327.887 | D12: =SUMIFS(ActualValue,ActualResourceGroup,'Test Year'!$B12,ActualInvoiceMonth,'Test Year'!D$6,ActualInvoiceYear,'Test Year'!D$5,ActualSummaryItem,"energy (kwh)")/1000 -> 331.50281 | E12: =SUMIFS(ActualValue,ActualResourceGroup,'Test Year'!$B12,ActualInvoiceMonth,'Test Year'!E$6,ActualInvoiceYear,'Test Year'!E$5,ActualSummaryItem,"energy (kwh)")/1000 -> 466.35503 | F12: =SUMIFS(ActualValue,ActualResourceGroup,'Test Year'!$B12,ActualInvoiceMonth,'Test Year'!F$6,ActualInvoiceYear,'Test Year'!F$5,ActualSummaryItem,"energy (kwh)")/1000 -> 547.11002 | G12: =SUMIFS(ActualValue,ActualResourceGroup,'Test Year'!$B12,ActualInvoiceMonth,'Test Year'!G$6,ActualInvoiceYear,'Test Year'!G$5,ActualSummaryItem,"energy (kwh)")/1000 -> 669.62901 | H12: =SUMIFS(ActualValue,ActualResourceGroup,'Test Year'!$B12,ActualInvoiceMonth,'Test Year'!H$6,ActualInvoiceYear,'Test Year'!H$5,ActualSummaryItem,"energy (kwh)")/1000 -> 867.7359 | I12: =SUMIFS(ActualValue,ActualResourceGroup,'Test Year'!$B12,ActualInvoiceMonth,'Test Year'!I$6,ActualInvoiceYear,'Test Year'!I$5,ActualSummaryItem,"energy (kwh)")/1000 -> 914.36203 | J12: =SUMIFS(ActualValue,ActualResourceGroup,'Test Year'!$B12,ActualInvoiceMonth,'Test Year'!J$6,ActualInvoiceYear,'Test Year'!J$5,ActualSummaryItem,"energy (kwh)")/1000 -> 924.94804 | ... N12: =SUMIFS(ActualValue,ActualResourceGroup,'Test Year'!$B12,ActualInvoiceMonth,'Test Year'!N$6,ActualInvoiceYear,'Test Year'!N$5,ActualSummaryItem,"energy (kwh)")/1000 -> 622.63597 | O12: =SUM(C12:N12) -> 8118.8719
B13: Wrightsville Hydro | C13: =SUMIFS(ActualValue,ActualResourceGroup,'Test Year'!$B13,ActualInvoiceMonth,'Test Year'!C$6,ActualInvoiceYear,'Test Year'!C$5,ActualSummaryItem,"energy (kwh)")/1000 -> 98.867 | D13: =SUMIFS(ActualValue,ActualResourceGroup,'Test Year'!$B13,ActualInvoiceMonth,'Test Year'!D$6,ActualInvoiceYear,'Test Year'!D$5,ActualSummaryItem,"energy (kwh)")/1000 -> 68.39 | E13: =SUMIFS(ActualValue,ActualResourceGroup,'Test Year'!$B13,ActualInvoiceMonth,'Test Year'!E$6,ActualInvoiceYear,'Test Year'!E$5,ActualSummaryItem,"energy (kwh)")/1000 -> 23.529 | F13: =SUMIFS(ActualValue,ActualResourceGroup,'Test Year'!$B13,ActualInvoiceMonth,'Test Year'!F$6,ActualInvoiceYear,'Test Year'!F$5,ActualSummaryItem,"energy (kwh)")/1000 -> 124.499 | G13: =SUMIFS(ActualValue,ActualResourceGroup,'Test Year'!$B13,ActualInvoiceMonth,'Test Year'!G$6,ActualInvoiceYear,'Test Year'!G$5,ActualSummaryItem,"energy (kwh)")/1000 -> 327.238 | H13: =SUMIFS(ActualValue,ActualResourceGroup,'Test Year'!$B13,ActualInvoiceMonth,'Test Year'!H$6,ActualInvoiceYear,'Test Year'!H$5,ActualSummaryItem,"energy (kwh)")/1000 -> 307.917 | I13: =SUMIFS(ActualValue,ActualResourceGroup,'Test Year'!$B13,ActualInvoiceMonth,'Test Year'!I$6,ActualInvoiceYear,'Test Year'!I$5,ActualSummaryItem,"energy (kwh)")/1000 -> 43.861 | J13: =SUMIFS(ActualValue,ActualResourceGroup,'Test Year'!$B13,ActualInvoiceMonth,'Test Year'!J$6,ActualInvoiceYear,'Test Year'!J$5,ActualSummaryItem,"energy (kwh)")/1000 -> 0 | ... N13: =SUMIFS(ActualValue,ActualResourceGroup,'Test Year'!$B13,ActualInvoiceMonth,'Test Year'!N$6,ActualInvoiceYear,'Test Year'!N$5,ActualSummaryItem,"energy (kwh)")/1000 -> 5.893 | O13: =SUM(C13:N13) -> 1050.311
B14: Total RECs | C14: =SUM(C7:C13) -> 6269.7855 | D14: =SUM(D7:D13) -> 5809.6288 | E14: =SUM(E7:E13) -> 5710.694 | F14: =SUM(F7:F13) -> 5344.7063 | G14: =SUM(G7:G13) -> 6450.0264 | H14: =SUM(H7:H13) -> 6510.2451 | I14: =SUM(I7:I13) -> 6202.3144 | J14: =SUM(J7:J13) -> 5650.1225 | ... N14: =SUM(N7:N13) -> 5198.4974 | O14: =SUM(C14:N14) -> 71516.542
B16: Subtotal Class I RECs | C16: =+SUM(C12,C11,C7) -> 5096.6555 | D16: =+SUM(D12,D11,D7) -> 4665.3038 | E16: =+SUM(E12,E11,E7) -> 4647.633 | F16: =+SUM(F12,F11,F7) -> 4150.4633 | G16: =+SUM(G12,G11,G7) -> 5075.2814 | H16: =+SUM(H12,H11,H7) -> 5187.6891 | I16: =+SUM(I12,I11,I7) -> 5136.2004 | J16: =+SUM(J12,J11,J7) -> 4752.1875 | ... N16: =+SUM(N12,N11,N7) -> 4362.4504 | O16: =SUM(C16:N16) -> 58953.336
B17: REC Revenues | C17: 150833.33 | D17: 150833.33 | E17: 150833.33 | F17: 150833.33 | G17: 150833.33 | H17: 150833.37 | I17: 152708.34 | J17: 152708.34 | K17: 152708.34 | L17: 152708.34 | M17: 372928.34 | N17: 152708.34 | O17: =SUM(C17:N17) -> 2041470.1
B18: Average $/MWH | C18: =+C17/C16 -> 29.59457 | D18: =+D17/D16 -> 32.33087 | E18: =+E17/E16 -> 32.453795 | F18: =+F17/F16 -> 36.341324 | G18: =+G17/G16 -> 29.719205 | H18: =+H17/H16 -> 29.075252 | I18: =+I17/I16 -> 29.731772 | J18: =+J17/J16 -> 32.134325 | ... O18: =+O17/O16 -> 34.628576

Sheet Rate Year
B2: WASHINGTON ELECTRIC COOPERATIVE
B3: EXHIBIT WEC-SPE-9: RATE YEAR REC VOLUMES AND REVENUES
C5: 2022 | D5: 2022 | E5: 2023 | F5: 2023 | G5: 2023 | H5: 2023 | I5: 2023 | J5: 2023 | K5: 2023 | L5: 2023 | M5: 2023 | N5: 2023
B6: Resource | C6: 11 | D6: 12 | E6: 1 | F6: 2 | G6: 3 | H6: 4 | I6: 5 | J6: 6 | K6: 7 | L6: 8 | M6: 9 | N6: 10 | O6: MWH
B7: Coventry Landfill | C7: =SUMIFS([3]Output_Table!$J:$J,[3]Output_Table!$F:$F,$B7,[3]Output_Table!$C:$C,C$6,[3]Output_Table!$G:$G,"energy (kwh)")/1000 -> #VALUE! | D7: =SUMIFS([3]Output_Table!$J:$J,[3]Output_Table!$F:$F,$B7,[3]Output_Table!$C:$C,D$6,[3]Output_Table!$G:$G,"energy (kwh)")/1000 -> #VALUE! | E7: =SUMIFS([3]Output_Table!$J:$J,[3]Output_Table!$F:$F,$B7,[3]Output_Table!$C:$C,E$6,[3]Output_Table!$G:$G,"energy (kwh)")/1000 -> #VALUE! | F7: =SUMIFS([3]Output_Table!$J:$J,[3]Output_Table!$F:$F,$B7,[3]Output_Table!$C:$C,F$6,[3]Output_Table!$G:$G,"energy (kwh)")/1000 -> #VALUE! | G7: =SUMIFS([3]Output_Table!$J:$J,[3]Output_Table!$F:$F,$B7,[3]Output_Table!$C:$C,G$6,[3]Output_Table!$G:$G,"energy (kwh)")/1000 -> #VALUE! | H7: =SUMIFS([3]Output_Table!$J:$J,[3]Output_Table!$F:$F,$B7,[3]Output_Table!$C:$C,H$6,[3]Output_Table!$G:$G,"energy (kwh)")/1000 -> #VALUE! | I7: =SUMIFS([3]Output_Table!$J:$J,[3]Output_Table!$F:$F,$B7,[3]Output_Table!$C:$C,I$6,[3]Output_Table!$G:$G,"energy (kwh)")/1000 -> #VALUE! | J7: =SUMIFS([3]Output_Table!$J:$J,[3]Output_Table!$F:$F,$B7,[3]Output_Table!$C:$C,J$6,[3]Output_Table!$G:$G,"energy (kwh)")/1000 -> #VALUE! | ... N7: =SUMIFS([3]Output_Table!$J:$J,[3]Output_Table!$F:$F,$B7,[3]Output_Table!$C:$C,N$6,[3]Output_Table!$G:$G,"energy (kwh)")/1000 -> #VALUE! | O7: =SUM(C7:N7) -> #VALUE!
B8: HQUS Contract | C8: =SUMIFS([3]Output_Table!$J:$J,[3]Output_Table!$F:$F,$B8,[3]Output_Table!$C:$C,C$6,[3]Output_Table!$G:$G,"energy (kwh)")/1000 -> #VALUE! | D8: =SUMIFS([3]Output_Table!$J:$J,[3]Output_Table!$F:$F,$B8,[3]Output_Table!$C:$C,D$6,[3]Output_Table!$G:$G,"energy (kwh)")/1000 -> #VALUE! | E8: =SUMIFS([3]Output_Table!$J:$J,[3]Output_Table!$F:$F,$B8,[3]Output_Table!$C:$C,E$6,[3]Output_Table!$G:$G,"energy (kwh)")/1000 -> #VALUE! | F8: =SUMIFS([3]Output_Table!$J:$J,[3]Output_Table!$F:$F,$B8,[3]Output_Table!$C:$C,F$6,[3]Output_Table!$G:$G,"energy (kwh)")/1000 -> #VALUE! | G8: =SUMIFS([3]Output_Table!$J:$J,[3]Output_Table!$F:$F,$B8,[3]Output_Table!$C:$C,G$6,[3]Output_Table!$G:$G,"energy (kwh)")/1000 -> #VALUE! | H8: =SUMIFS([3]Output_Table!$J:$J,[3]Output_Table!$F:$F,$B8,[3]Output_Table!$C:$C,H$6,[3]Output_Table!$G:$G,"energy (kwh)")/1000 -> #VALUE! | I8: =SUMIFS([3]Output_Table!$J:$J,[3]Output_Table!$F:$F,$B8,[3]Output_Table!$C:$C,I$6,[3]Output_Table!$G:$G,"energy (kwh)")/1000 -> #VALUE! | J8: =SUMIFS([3]Output_Table!$J:$J,[3]Output_Table!$F:$F,$B8,[3]Output_Table!$C:$C,J$6,[3]Output_Table!$G:$G,"energy (kwh)")/1000 -> #VALUE! | ... N8: =SUMIFS([3]Output_Table!$J:$J,[3]Output_Table!$F:$F,$B8,[3]Output_Table!$C:$C,N$6,[3]Output_Table!$G:$G,"energy (kwh)")/1000 -> #VALUE! | O8: =SUM(C8:N8) -> #VALUE!
B9: NYPA Niagara Contract | C9: =SUMIFS([3]Output_Table!$J:$J,[3]Output_Table!$F:$F,$B9,[3]Output_Table!$C:$C,C$6,[3]Output_Table!$G:$G,"energy (kwh)")/1000 -> #VALUE! | D9: =SUMIFS([3]Output_Table!$J:$J,[3]Output_Table!$F:$F,$B9,[3]Output_Table!$C:$C,D$6,[3]Output_Table!$G:$G,"energy (kwh)")/1000 -> #VALUE! | E9: =SUMIFS([3]Output_Table!$J:$J,[3]Output_Table!$F:$F,$B9,[3]Output_Table!$C:$C,E$6,[3]Output_Table!$G:$G,"energy (kwh)")/1000 -> #VALUE! | F9: =SUMIFS([3]Output_Table!$J:$J,[3]Output_Table!$F:$F,$B9,[3]Output_Table!$C:$C,F$6,[3]Output_Table!$G:$G,"energy (kwh)")/1000 -> #VALUE! | G9: =SUMIFS([3]Output_Table!$J:$J,[3]Output_Table!$F:$F,$B9,[3]Output_Table!$C:$C,G$6,[3]Output_Table!$G:$G,"energy (kwh)")/1000 -> #VALUE! | H9: =SUMIFS([3]Output_Table!$J:$J,[3]Output_Table!$F:$F,$B9,[3]Output_Table!$C:$C,H$6,[3]Output_Table!$G:$G,"energy (kwh)")/1000 -> #VALUE! | I9: =SUMIFS([3]Output_Table!$J:$J,[3]Output_Table!$F:$F,$B9,[3]Output_Table!$C:$C,I$6,[3]Output_Table!$G:$G,"energy (kwh)")/1000 -> #VALUE! | J9: =SUMIFS([3]Output_Table!$J:$J,[3]Output_Table!$F:$F,$B9,[3]Output_Table!$C:$C,J$6,[3]Output_Table!$G:$G,"energy (kwh)")/1000 -> #VALUE! | ... N9: =SUMIFS([3]Output_Table!$J:$J,[3]Output_Table!$F:$F,$B9,[3]Output_Table!$C:$C,N$6,[3]Output_Table!$G:$G,"energy (kwh)")/1000 -> #VALUE! | O9: =SUM(C9:N9) -> #VALUE!
B10: NYPA St. Lawrence Contract | C10: =SUMIFS([3]Output_Table!$J:$J,[3]Output_Table!$F:$F,$B10,[3]Output_Table!$C:$C,C$6,[3]Output_Table!$G:$G,"energy (kwh)")/1000 -> #VALUE! | D10: =SUMIFS([3]Output_Table!$J:$J,[3]Output_Table!$F:$F,$B10,[3]Output_Table!$C:$C,D$6,[3]Output_Table!$G:$G,"energy (kwh)")/1000 -> #VALUE! | E10: =SUMIFS([3]Output_Table!$J:$J,[3]Output_Table!$F:$F,$B10,[3]Output_Table!$C:$C,E$6,[3]Output_Table!$G:$G,"energy (kwh)")/1000 -> #VALUE! | F10: =SUMIFS([3]Output_Table!$J:$J,[3]Output_Table!$F:$F,$B10,[3]Output_Table!$C:$C,F$6,[3]Output_Table!$G:$G,"energy (kwh)")/1000 -> #VALUE! | G10: =SUMIFS([3]Output_Table!$J:$J,[3]Output_Table!$F:$F,$B10,[3]Output_Table!$C:$C,G$6,[3]Output_Table!$G:$G,"energy (kwh)")/1000 -> #VALUE! | H10: =SUMIFS([3]Output_Table!$J:$J,[3]Output_Table!$F:$F,$B10,[3]Output_Table!$C:$C,H$6,[3]Output_Table!$G:$G,"energy (kwh)")/1000 -> #VALUE! | I10: =SUMIFS([3]Output_Table!$J:$J,[3]Output_Table!$F:$F,$B10,[3]Output_Table!$C:$C,I$6,[3]Output_Table!$G:$G,"energy (kwh)")/1000 -> #VALUE! | J10: =SUMIFS([3]Output_Table!$J:$J,[3]Output_Table!$F:$F,$B10,[3]Output_Table!$C:$C,J$6,[3]Output_Table!$G:$G,"energy (kwh)")/1000 -> #VALUE! | ... N10: =SUMIFS([3]Output_Table!$J:$J,[3]Output_Table!$F:$F,$B10,[3]Output_Table!$C:$C,N$6,[3]Output_Table!$G:$G,"energy (kwh)")/1000 -> #VALUE! | O10: =SUM(C10:N10) -> #VALUE!
B11: Ryegate Facility | C11: =SUMIFS([3]Output_Table!$J:$J,[3]Output_Table!$F:$F,$B11,[3]Output_Table!$C:$C,C$6,[3]Output_Table!$G:$G,"energy (kwh)")/1000 -> #VALUE! | D11: =SUMIFS([3]Output_Table!$J:$J,[3]Output_Table!$F:$F,$B11,[3]Output_Table!$C:$C,D$6,[3]Output_Table!$G:$G,"energy (kwh)")/1000 -> #VALUE! | E11: =SUMIFS([3]Output_Table!$J:$J,[3]Output_Table!$F:$F,$B11,[3]Output_Table!$C:$C,E$6,[3]Output_Table!$G:$G,"energy (kwh)")/1000 -> #VALUE! | F11: =SUMIFS([3]Output_Table!$J:$J,[3]Output_Table!$F:$F,$B11,[3]Output_Table!$C:$C,F$6,[3]Output_Table!$G:$G,"energy (kwh)")/1000 -> #VALUE! | G11: =SUMIFS([3]Output_Table!$J:$J,[3]Output_Table!$F:$F,$B11,[3]Output_Table!$C:$C,G$6,[3]Output_Table!$G:$G,"energy (kwh)")/1000 -> #VALUE! | H11: =SUMIFS([3]Output_Table!$J:$J,[3]Output_Table!$F:$F,$B11,[3]Output_Table!$C:$C,H$6,[3]Output_Table!$G:$G,"energy (kwh)")/1000 -> #VALUE! | I11: =SUMIFS([3]Output_Table!$J:$J,[3]Output_Table!$F:$F,$B11,[3]Output_Table!$C:$C,I$6,[3]Output_Table!$G:$G,"energy (kwh)")/1000 -> #VALUE! | J11: =SUMIFS([3]Output_Table!$J:$J,[3]Output_Table!$F:$F,$B11,[3]Output_Table!$C:$C,J$6,[3]Output_Table!$G:$G,"energy (kwh)")/1000 -> #VALUE! | ... N11: =SUMIFS([3]Output_Table!$J:$J,[3]Output_Table!$F:$F,$B11,[3]Output_Table!$C:$C,N$6,[3]Output_Table!$G:$G,"energy (kwh)")/1000 -> #VALUE! | O11: =SUM(C11:N11) -> #VALUE!
B12: Sheffield Wind | C12: =SUMIFS([3]Output_Table!$J:$J,[3]Output_Table!$F:$F,$B12,[3]Output_Table!$C:$C,C$6,[3]Output_Table!$G:$G,"energy (kwh)")/1000 -> #VALUE! | D12: =SUMIFS([3]Output_Table!$J:$J,[3]Output_Table!$F:$F,$B12,[3]Output_Table!$C:$C,D$6,[3]Output_Table!$G:$G,"energy (kwh)")/1000 -> #VALUE! | E12: =SUMIFS([3]Output_Table!$J:$J,[3]Output_Table!$F:$F,$B12,[3]Output_Table!$C:$C,E$6,[3]Output_Table!$G:$G,"energy (kwh)")/1000 -> #VALUE! | F12: =SUMIFS([3]Output_Table!$J:$J,[3]Output_Table!$F:$F,$B12,[3]Output_Table!$C:$C,F$6,[3]Output_Table!$G:$G,"energy (kwh)")/1000 -> #VALUE! | G12: =SUMIFS([3]Output_Table!$J:$J,[3]Output_Table!$F:$F,$B12,[3]Output_Table!$C:$C,G$6,[3]Output_Table!$G:$G,"energy (kwh)")/1000 -> #VALUE! | H12: =SUMIFS([3]Output_Table!$J:$J,[3]Output_Table!$F:$F,$B12,[3]Output_Table!$C:$C,H$6,[3]Output_Table!$G:$G,"energy (kwh)")/1000 -> #VALUE! | I12: =SUMIFS([3]Output_Table!$J:$J,[3]Output_Table!$F:$F,$B12,[3]Output_Table!$C:$C,I$6,[3]Output_Table!$G:$G,"energy (kwh)")/1000 -> #VALUE! | J12: =SUMIFS([3]Output_Table!$J:$J,[3]Output_Table!$F:$F,$B12,[3]Output_Table!$C:$C,J$6,[3]Output_Table!$G:$G,"energy (kwh)")/1000 -> #VALUE! | ... N12: =SUMIFS([3]Output_Table!$J:$J,[3]Output_Table!$F:$F,$B12,[3]Output_Table!$C:$C,N$6,[3]Output_Table!$G:$G,"energy (kwh)")/1000 -> #VALUE! | O12: =SUM(C12:N12) -> #VALUE!
B13: Wrightsville Hydro | C13: =SUMIFS([3]Output_Table!$J:$J,[3]Output_Table!$F:$F,$B13,[3]Output_Table!$C:$C,C$6,[3]Output_Table!$G:$G,"energy (kwh)")/1000 -> #VALUE! | D13: =SUMIFS([3]Output_Table!$J:$J,[3]Output_Table!$F:$F,$B13,[3]Output_Table!$C:$C,D$6,[3]Output_Table!$G:$G,"energy (kwh)")/1000 -> #VALUE! | E13: =SUMIFS([3]Output_Table!$J:$J,[3]Output_Table!$F:$F,$B13,[3]Output_Table!$C:$C,E$6,[3]Output_Table!$G:$G,"energy (kwh)")/1000 -> #VALUE! | F13: =SUMIFS([3]Output_Table!$J:$J,[3]Output_Table!$F:$F,$B13,[3]Output_Table!$C:$C,F$6,[3]Output_Table!$G:$G,"energy (kwh)")/1000 -> #VALUE! | G13: =SUMIFS([3]Output_Table!$J:$J,[3]Output_Table!$F:$F,$B13,[3]Output_Table!$C:$C,G$6,[3]Output_Table!$G:$G,"energy (kwh)")/1000 -> #VALUE! | H13: =SUMIFS([3]Output_Table!$J:$J,[3]Output_Table!$F:$F,$B13,[3]Output_Table!$C:$C,H$6,[3]Output_Table!$G:$G,"energy (kwh)")/1000 -> #VALUE! | I13: =SUMIFS([3]Output_Table!$J:$J,[3]Output_Table!$F:$F,$B13,[3]Output_Table!$C:$C,I$6,[3]Output_Table!$G:$G,"energy (kwh)")/1000 -> #VALUE! | J13: =SUMIFS([3]Output_Table!$J:$J,[3]Output_Table!$F:$F,$B13,[3]Output_Table!$C:$C,J$6,[3]Output_Table!$G:$G,"energy (kwh)")/1000 -> #VALUE! | ... N13: =SUMIFS([3]Output_Table!$J:$J,[3]Output_Table!$F:$F,$B13,[3]Output_Table!$C:$C,N$6,[3]Output_Table!$G:$G,"energy (kwh)")/1000 -> #VALUE! | O13: =SUM(C13:N13) -> #VALUE!
B14: Total | C14: =+SUM(C7:C13) -> #VALUE! | D14: =+SUM(D7:D13) -> #VALUE! | E14: =+SUM(E7:E13) -> #VALUE! | F14: =+SUM(F7:F13) -> #VALUE! | G14: =+SUM(G7:G13) -> #VALUE! | H14: =+SUM(H7:H13) -> #VALUE! | I14: =+SUM(I7:I13) -> #VALUE! | J14: =+SUM(J7:J13) -> #VALUE! | ... N14: =+SUM(N7:N13) -> #VALUE! | O14: =SUM(C14:N14) -> #VALUE!
B16: Class I RECs Sold Forward | C16: =50000/12 -> 4166.6667 | D16: =50000/12 -> 4166.6667 | E16: =50000/12 -> 4166.6667 | F16: =50000/12 -> 4166.6667 | G16: =50000/12 -> 4166.6667 | H16: =50000/12 -> 4166.6667 | I16: =50000/12 -> 4166.6667 | J16: =50000/12 -> 4166.6667 | ... N16: =50000/12 -> 4166.6667 | O16: =SUM(C16:N16) -> 50000
B17: Class I REC Price (Ave) | C17: =+C18/C16 -> 36.650002 | D17: =+D18/D16 -> 36.650002 | E17: =+E18/E16 -> 33.03 | F17: =+F18/F16 -> 33.03 | G17: =+G18/G16 -> 33.03 | H17: =+H18/H16 -> 33.03 | I17: =+I18/I16 -> 33.03 | J17: =+J18/J16 -> 33.03 | ... O17: =+O18/O16 -> 33.633334
B18: Class I REC Revenues | C18: =+'Test Year'!$N$17 -> 152708.34 | D18: =+'Test Year'!$N$17 -> 152708.34 | E18: =+SUM(WEC_REC_Transactions!$L$17:$L$18)/12 -> 137625 | F18: =+SUM(WEC_REC_Transactions!$L$17:$L$18)/12 -> 137625 | G18: =+SUM(WEC_REC_Transactions!$L$17:$L$18)/12 -> 137625 | H18: =+SUM(WEC_REC_Transactions!$L$17:$L$18)/12 -> 137625 | I18: =+SUM(WEC_REC_Transactions!$L$17:$L$18)/12 -> 137625 | J18: =+SUM(WEC_REC_Transactions!$L$17:$L$18)/12 -> 137625 | K18: =+SUM(WEC_REC_Transactions!$L$17:$L$18)/12 -> 137625 | L18: =+SUM(WEC_REC_Transactions!$L$17:$L$18)/12 -> 137625 | ... N18: =+SUM(WEC_REC_Transactions!$L$17:$L$18)/12 -> 137625 | O18: =SUM(C18:N18) -> 1681666.7
B20: Remaining Class I RECs | C20: =+SUM(C7,C11:C12)-C16 -> #VALUE! | D20: =+SUM(D7,D11:D12)-D16 -> #VALUE! | E20: =+SUM(E7,E11:E12)-E16 -> #VALUE! | F20: =+SUM(F7,F11:F12)-F16 -> #VALUE! | G20: =+SUM(G7,G11:G12)-G16 -> #VALUE! | H20: =+SUM(H7,H11:H12)-H16 -> #VALUE! | I20: =+SUM(I7,I11:I12)-I16 -> #VALUE! | J20: =+SUM(J7,J11:J12)-J16 -> #VALUE! | ... N20: =+SUM(N7,N11:N12)-N16 -> #VALUE! | O20: =SUM(C20:N20) -> #VALUE!
B21: Class I REC Price (Fwd) | C21: 36.25 | D21: 36.25 | E21: 35.5 | F21: 35.5 | G21: 35.5 | H21: 35.5 | I21: 35.5 | J21: 35.5 | K21: 35.5 | L21: 35.5 | M21: 35.5 | N21: 35.5 | O21: =+O22/O20 -> #VALUE!
B22: Class I REC Revenues | C22: =+C20*C21 -> #VALUE! | D22: =+D20*D21 -> #VALUE! | E22: =+E20*E21 -> #VALUE! | F22: =+F20*F21 -> #VALUE! | G22: =+G20*G21 -> #VALUE! | H22: =+H20*H21 -> #VALUE! | I22: =+I20*I21 -> #VALUE! | J22: =+J20*J21 -> #VALUE! | ... N22: =+N20*N21 -> #VALUE! | O22: =SUM(C22:N22) -> #VALUE!
B24: Total REC Revenues | C24: =+C22+C18 -> #VALUE! | D24: =+D22+D18 -> #VALUE! | E24: =+E22+E18 -> #VALUE! | F24: =+F22+F18 -> #VALUE! | G24: =+G22+G18 -> #VALUE! | H24: =+H22+H18 -> #VALUE! | I24: =+I22+I18 -> #VALUE! | J24: =+J22+J18 -> #VALUE! | ... N24: =+N22+N18 -> #VALUE! | O24: =SUM(C24:N24) -> #VALUE!

Sheet Actual Tab
A1: Invoice Year | B1: Invoice Month | C1: Year | D1: Month | E1: Account ID | F1: Account Name | G1: Resource ID | H1: Resource Name | I1: Resource Type | J1: Resource Group | K1: Resource Item | L1: Summary Item | M1: Invoicable | N1: Unit | O1: Value | P1: Tie Entity | Q1: Tie Category | R1: Tie Item | S1: Origin ID | T1: Origin Type | U1: Origin Procedure | V1: Notes | W1: Resettlement | X1: Data Retrieved
A2: 2021 | B2: 1 | C2: NULL | D2: NULL | E2: 20070 | F2: WEC | G2: 36 | H2: RYEGATE 1-NEW | I2: ISONE Generator | J2: Ryegate Facility | K2: Other Charges ($) | L2: Not Reported | M2: 0 | N2: $ | O2: 35.77 | P2: VEPPI | Q2: Workbook Tab [Ryegate] | R2: Under "agent fee" | S2: NULL | T2: Provisional Value | U2: mapped from cda_vppsa_invoice | V2: [invoice_resource_id] = 'ryegt' and [invoice_data_id] = 'energy_facil_charge ' | W2: 0 | X2: 44253.44
A3: 2021 | B3: 1 | C3: NULL | D3: NULL | E3: 20070 | F3: WEC | G3: 36 | H3: RYEGATE 1-NEW | I3: ISONE Generator | J3: Ryegate Facility | K3: Other Charges ($) | L3: Not Reported | M3: 0 | N3: $ | O3: -1.81 | P3: VEPPI | Q3: Workbook Tab [Ryegate] | R3: Under "dispatch adj" | S3: NULL | T3: Provisional Value | U3: mapped from cda_vppsa_invoice | V3: [invoice_resource_id] = 'ryegt' and [invoice_data_id] = 'energy_other_charge ' | W3: 0 | X3: 44253.44
A4: 2021 | B4: 1 | C4: NULL | D4: NULL | E4: 20070 | F4: WEC | G4: 0 | H4: Not Specified | I4: Not Specified | J4: NYPA Niagara Contract | K4: Capacity Charges ($) | L4: Not Reported | M4: 0 | N4: $ | O4: 31538.34 | P4: State of VT | Q4: Workbook Tab [NYPA_N] | R4: Under "capacity $" | S4: NULL | T4: Provisional Value | U4: mapped from cda_vppsa_invoice | V4: [invoice_resource_id] = 'nypan' and [invoice_data_id] = 'energy_kw_capacity_charge' | W4: 0 | X4: 44253.44
A5: 2021 | B5: 1 | C5: NULL | D5: NULL | E5: 20070 | F5: WEC | G5: 0 | H5: Not Specified | I5: Not Specified | J5: Coventry Landfill | K5: Energy Charges ($) | L5: Not Reported | M5: 0 | N5: $ | O5: 0 | P5: Coventry Clean Energy | Q5: Workbook Tab [Coventry] | R5: Under "gross energy". Not filled in! | S5: NULL | T5: Provisional Value | U5: mapped from cda_vppsa_invoice | V5: [invoice_resource_id] = 'coven' and [invoice_data_id] = 'energy_kwh_energy_charge ' | W5: 0 | X5: 44253.44
A6: 2021 | B6: 1 | C6: NULL | D6: NULL | E6: 20070 | F6: WEC | G6: 12530 | H6: Not Specified | I6: ISONE Generator | J6: Sheffield Wind | K6: Energy Charges ($) | L6: Not Reported | M6: 0 | N6: $ | O6: 25422.971 | P6: Vermont Wind | Q6: Workbook Tab [WEC Vermont-Wind] | R6: Under "net energy $" | S6: NULL | T6: Provisional Value | U6: mapped from cda_vppsa_invoice | V6: [invoice_resource_id] = 'vtwnd' and [invoice_data_id] = 'energy_kwh_energy_charge ' | W6: 0 | X6: 44253.44
A7: 2021 | B7: 1 | C7: NULL | D7: NULL | E7: 20070 | F7: WEC | G7: 0 | H7: Not Specified | I7: Not Specified | J7: NYPA Niagara Contract | K7: Energy Charges ($) | L7: Not Reported | M7: 0 | N7: $ | O7: 5209.0098 | P7: State of VT | Q7: Workbook Tab [NYPA_N] | R7: Under "energy $" | S7: NULL | T7: Provisional Value | U7: mapped from cda_vppsa_invoice | V7: [invoice_resource_id] = 'nypan' and [invoice_data_id] = 'energy_kwh_energy_charge ' | W7: 0 | X7: 44253.44
A8: 2021 | B8: 1 | C8: NULL | D8: NULL | E8: 20070 | F8: WEC | G8: 12530 | H8: Not Specified | I8: ISONE Generator | J8: Sheffield Wind | K8: Not Reported | L8: Not Reported | M8: 0 | N8: kWh | O8: 378500 | P8: Vermont Wind | Q8: Workbook Tab [WEC Vermont-Wind] | R8: Under "energy kwh" | S8: NULL | T8: Provisional Value | U8: mapped from cda_vppsa_invoice | V8: [invoice_resource_id] = 'vtwnd' and [invoice_data_id] = 'energy_kwh_energy ' | W8: 0 | X8: 44253.44
A9: 2021 | B9: 1 | C9: NULL | D9: NULL | E9: 20070 | F9: WEC | G9: 0 | H9: Not Specified | I9: Not Specified | J9: Not Specified | K9: Not Reported | L9: VELCO Tariff Allocation | M9: 0 | N9: $ | O9: 269.98001 | P9: VELCO | Q9: Workbook Tab [ISO Tariff] | R9: Under "individual bill" | S9: NULL | T9: Provisional Value | U9: mapped from cda_vppsa_invoice | V9: [invoice_resource_id] = 'isot ' and [invoice_data_id] = 'other_iso_indiv_charge ' | W9: 0 | X9: 44253.44
A10: 2021 | B10: 1 | C10: NULL | D10: NULL | E10: 20070 | F10: WEC | G10: 0 | H10: Not Specified | I10: Not Specified | J10: NYPA Niagara Contract | K10: Not Reported | L10: Not Reported | M10: 0 | N10: kW | O10: 1544 | P10: State of VT | Q10: Workbook Tab [NYPA_N] | R10: Under "capacity kw" | S10: NULL | T10: Provisional Value | U10: mapped from cda_vppsa_invoice | V10: [invoice_resource_id] = 'nypan' and [invoice_data_id] = 'energy_kw_capacity ' | W10: 0 | X10: 44253.44
A11: 2021 | B11: 1 | C11: NULL | D11: NULL | E11: 20070 | F11: WEC | G11: 0 | H11: Not Specified | I11: Not Specified | J11: Coventry Landfill | K11: Not Reported | L11: Not Reported | M11: 0 | N11: kWh | O11: 5011927 | P11: Coventry Clean Energy | Q11: Workbook Tab [Coventry] | R11: Under "energy kw" | S11: NULL | T11: Provisional Value | U11: mapped from cda_vppsa_invoice | V11: [invoice_resource_id] = 'coven' and [invoice_data_id] = 'energy_kwh_energy ' | W11: 0 | X11: 44253.44
A12: 2021 | B12: 1 | C12: NULL | D12: NULL | E12: 20070 | F12: WEC | G12: 12530 | H12: Not Specified | I12: ISONE Generator | J12: Sheffield Wind | K12: Other Charges ($) | L12: Not Reported | M12: 0 | N12: $ | O12: 0 | P12: Vermont Wind | Q12: Workbook Tab [WEC Vermont-Wind] | R12: Under "gross energy $" | S12: NULL | T12: Provisional Value | U12: mapped from cda_vppsa_invoice | V12: [invoice_resource_id] = 'vtwnd' and [invoice_data_id] = 'energy_admin_charge ' | W12: 0 | X12: 44253.44
A13: 2021 | B13: 1 | C13: NULL | D13: NULL | E13: 20070 | F13: WEC | G13: 0 | H13: Not Specified | I13: Not Specified | J13: NYPA Niagara Contract | K13: Energy (kWh) | L13: Not Reported | M13: 0 | N13: kWh | O13: 1061530 | P13: State of VT | Q13: Workbook Tab [NYPA_N] | R13: Under "energy kwh" | S13: NULL | T13: Provisional Value | U13: mapped from cda_vppsa_invoice | V13: [invoice_resource_id] = 'nypan' and [invoice_data_id] = 'energy_kwh_energy ' | W13: 0 | X13: 44253.44
... A40: 2021 | B40: 1 | C40: NULL | D40: NULL | E40: 20070 | F40: WEC | G40: 0 | H40: Not Specified | I40: Not Specified | J40: Not Specified | K40: Not Reported | L40: VPPSA Fees - Additional Services | M40: 1 | N40: $ | O40: 0 | P40: VPPSA | Q40: Workbook Tab [CDA Fees - Affiliates] | R40: Under "prepayment amount" | S40: NULL | T40: Provisional Value | U40: mapped from cda_vppsa_invoice | V40: [invoice_resource_id] = 'vppsa' and [invoice_data_id] = 'vppsa_add_prepay ' | W40: 0 | X40: 44253.44
A41: 2021 | B41: 1 | C41: 2021 | D41: 1 | E41: 20070 | F41: WEC | G41: 0 | H41: Not Specified | I41: Not Specified | J41: Not Specified | K41: External Loss - Subtransmission | L41: External Loss - Subtransmission | M41: 0 | N41: kWh | O41: -210870.95 | Q41: Metric | R41: Load (External Loss - Subtransmission) | S41: 86 | T41: Predefined Metric | U41: [psa].[p_pbs_mc_load_els] | V41: VELCO utility load adjustment accounting for subtransmission losses. | W41: 0 | X41: 44253.44
A42: 2021 | B42: 1 | C42: 2021 | D42: 1 | E42: 20070 | F42: WEC | G42: 0 | H42: Not Specified | I42: Not Specified | J42: Not Specified | K42: Installed Capacity Requirement | L42: Installed Capacity Requirement | M42: 0 | N42: kW | O42: -17420.377 | Q42: Metric | R42: Forward Capacity Procurement Obligation (Requirement) | S42: 40 | T42: Predefined Metric | U42: [psa].[p_pbs_mc_fcpo_icr] | V42: Capacity procurement requirement based on peak load (reduced by LRG). Same as seen in wholesale markets. | W42: 0 | X42: 44253.44
A43: 2021 | B43: 1 | C43: 2021 | D43: 1 | E43: 20070 | F43: WEC | G43: 0 | H43: Not Specified | I43: Not Specified | J43: Not Specified | K43: Not Reported | L43: Not Reported | M43: 0 | N43: kWh | O43: -6946247.8 | Q43: Metric | R43: Day Ahead Load Obligation (Demand) | S43: 1 | T43: Predefined Metric | U43: [psa].[p_pbs_mc_dae] | V43: Cleared demand bids. Same as settled in the wholesale electricity market. Equivalent to forecasted load plus forecasted reduction. | W43: 0 | X43: 44253.44
A44: 2021 | B44: 1 | C44: 2021 | D44: 1 | E44: 20070 | F44: WEC | G44: 0 | H44: Not Specified | I44: Not Specified | J44: Not Specified | K44: Not Reported | L44: Not Reported | M44: 0 | N44: kWh | O44: -1031761.2 | Q44: Metric | R44: Real Time Load Obligation Deviation (Market) | S44: 4 | T44: Predefined Metric | U44: [psa].[p_pbs_mc_rtlod_market] | V44: Load obligation deviations. Same as settled in the wholesale electricity market. Equivalent to RTLO - DALO. | W44: 0 | X44: 44253.44
A45: 2021 | B45: 1 | C45: 2021 | D45: 1 | E45: 20070 | F45: WEC | G45: 0 | H45: Not Specified | I45: Not Specified | J45: Not Specified | K45: Peak Date | L45: Peak Date | M45: 0 | N45: DHE | O45: 20190730 | Q45: Metric | R45: Annual New England Peak - Year Month Day Hour | S45: 101 | T45: Predefined Metric | U45: [psa].[p_pbs_mc_anep_ymdh] | V45: Date and hour ending of peak load on the New England transmission network in a given year. | W45: 0 | X45: 44253.44
A46: 2021 | B46: 1 | C46: 2021 | D46: 1 | E46: 20070 | F46: WEC | G46: 0 | H46: Not Specified | I46: Not Specified | J46: Not Specified | K46: Peak Load - 12 Month Non-Coincident | L46: Peak Load - 12 Month Non-Coincident | M46: 0 | N46: kWh | O46: -16037 | Q46: Metric | R46: Load (12 Month Non-Coincident Peak) | S46: 95 | T46: Predefined Metric | U46: [psa].[p_pbs_mc_load_12mncp] | V46: Total system load served including external transmission losses at time of 12 month rolling peak. | W46: 0 | X46: 44253.44
A47: 2021 | B47: 1 | C47: 2021 | D47: 1 | E47: 20070 | F47: WEC | G47: 0 | H47: Not Specified | I47: Not Specified | J47: Not Specified | K47: Peak Load - Capacity Determinant | L47: Peak Load - Capacity Determinant | M47: 0 | N47: kW | O47: -12059.762 | Q47: Metric | R47: Annual New England Peak - Real Time Load Obligation | S47: 83 | T47: Predefined Metric | U47: [psa].[p_pbs_mc_anep_rtlo] | V47: Load at time of New England coincident peak for capacity period (with load shifting adjustments). | W47: 0 | X47: 44253.44
A48: 2021 | B48: 1 | C48: 2021 | D48: 1 | E48: 20070 | F48: WEC | G48: 0 | H48: Not Specified | I48: Not Specified | J48: Not Specified | K48: Total Load - Excluding Losses | L48: Total Load - Excluding Losses | M48: 0 | N48: kWh | O48: -7830084.1 | Q48: Metric | R48: Load (Total Load - Excluding Losses) | S48: 92 | T48: Predefined Metric | U48: [psa].[p_pbs_mc_load_tlel] | V48: Total system load served excluding external transmission losses. | W48: 0 | X48: 44253.44
A49: 2021 | B49: 1 | C49: 2021 | D49: 1 | E49: 20070 | F49: WEC | G49: 71 | H49: PHASE I_II HQ INTERCONNECT | I49: Transmission Asset | J49: Phase I/II Transmission Facilities | K49: Capacity (kW) | L49: Capacity (kW) | M49: 0 | N49: kW | O49: 440.65 | Q49: Metric | R49: Forward Capacity Supply Obligation (Hydro Quebec Inter-Connection Credit) | S49: 5 | T49: Predefined Metric | U49: [psa].[p_pbs_mc_fcso_hqicc] | V49: Capacity awarded to the Hydro Quebec Phase I/II transmission line. | W49: 0 | X49: 44253.44
A50: 2021 | B50: 1 | C50: 2021 | D50: 1 | E50: 20070 | F50: WEC | G50: 848 | H50: WRIGHTSVILLE | I50: ISONE Generator | J50: Wrightsville Hydro | K50: Capacity Factor | L50: Capacity Factor | M50: 0 | N50: % | O50: 0.097474 | Q50: Metric | R50: Generator - Monthly Capacity Factor | S50: 108 | T50: Predefined Metric | U50: [psa].[p_pbs_mc_gen_mcf] | V50: Actual metered generation divided by theoretical output a generator is capable of. | W50: 0 | X50: 44253.44
A51: 2021 | B51: 1 | C51: 2021 | D51: 1 | E51: 20070 | F51: WEC | G51: 0 | H51: Not Specified | I51: Not Specified | J51: Not Specified | K51: External Loss - Transmission | L51: External Loss - Transmission | M51: 0 | N51: kWh | O51: -9574.99 | Q51: Metric | R51: Load (External Loss - Transmission) | S51: 87 | T51: Predefined Metric | U51: [psa].[p_pbs_mc_load_elt] | V51: VELCO utility load adjustment accounting for non-PTF (Pool Transmission Facility) losses. | W51: 0 | X51: 44253.44
A52: 2021 | B52: 1 | C52: 2021 | D52: 1 | E52: 20070 | F52: WEC | G52: 0 | H52: Not Specified | I52: Not Specified | J52: Not Specified | K52: Metered Load - System Boundary | L52: Metered Load - System Boundary | M52: 0 | N52: kWh | O52: -2543768.8 | Q52: Metric | R52: Load (Utility Tie Load) | S52: 85 | T52: Predefined Metric | U52: [psa].[p_pbs_mc_load_utl] | V52: VELCO utility load according to sum of official meter readings at system boundary. | W52: 0 | X52: 44253.44
... A54: 2021 | B54: 1 | C54: 2021 | D54: 1 | E54: 20070 | F54: WEC | G54: 0 | H54: Not Specified | I54: Not Specified | J54: Not Specified | K54: Total Load - Including Losses | L54: Total Load - Including Losses | M54: 0 | N54: kWh | O54: -8050530.1 | Q54: Metric | R54: Load (Total Load - Including Losses) | S54: 93 | T54: Predefined Metric | U54: [psa].[p_pbs_mc_load_tlil] | V54: Total system load served including external transmission losses. | W54: 0 | X54: 44253.44
A55: 2021 | B55: 1 | C55: 2021 | D55: 1 | E55: 20070 | F55: WEC | G55: 848 | H55: WRIGHTSVILLE | I55: ISONE Generator | J55: Wrightsville Hydro | K55: Capacity Market Value | L55: Not Reported | M55: 0 | N55: $ | O55: 0 | P55: VPPSA | Q55: Forward Capacity Market Charge | R55: Reduction Benefit | S55: 52 | T55: Recurring Valuation | U55: [psa].[pProcessValuation] | V55: Settlement benefit of load reduction generation at annual peak. | W55: 0 | X55: 44253.44
A56: 2021 | B56: 1 | C56: 2021 | D56: 1 | E56: 20070 | F56: WEC | G56: 848 | H56: WRIGHTSVILLE | I56: ISONE Generator | J56: Wrightsville Hydro | K56: Energy Market Value | L56: Not Reported | M56: 0 | N56: $ | O56: -206.59993 | P56: VPPSA | Q56: Real-Time Energy | R56: Reduction Benefit | S56: 14 | T56: Recurring Valuation | U56: [psa].[pProcessValuation] | V56: This shows load benefits for load reduction generation. | W56: 0 | X56: 44253.44
A57: 2021 | B57: 1 | C57: 2021 | D57: 1 | E57: 20070 | F57: WEC | G57: 848 | H57: WRIGHTSVILLE | I57: ISONE Generator | J57: Wrightsville Hydro | K57: Metered Production at time of ISO Peak (kW) | L57: Metered Production at time of ISO Peak (kW) | M57: 0 | N57: kWh | O57: 0 | Q57: Metric | R57: Annual New England Peak - Metered Load Reducing Generation | S57: 102 | T57: Predefined Metric | U57: [psa].[p_pbs_mc_anep_mlrg_us] | V57: Generation at time of New England coincident peak for capacity period (with load shifting adjustments). | W57: 0 | X57: 44253.44
A58: 2021 | B58: 1 | C58: 2021 | D58: 1 | E58: 20070 | F58: WEC | G58: 848 | H58: WRIGHTSVILLE | I58: ISONE Generator | J58: Wrightsville Hydro | K58: Nameplate Capacity (kW) | L58: Nameplate Capacity (kW) | M58: 0 | N58: kW | O58: 1000 | Q58: Metric | R58: Generator - Nominal Capacity Rating | S58: 107 | T58: Predefined Metric | U58: [psa].[p_pbs_mc_gen_ncr] | V58: Theoretical output a generator is capable of. | W58: 0 | X58: 44253.44
A59: 2021 | B59: 1 | C59: 2021 | D59: 1 | E59: 20070 | F59: WEC | G59: 848 | H59: WRIGHTSVILLE | I59: ISONE Generator | J59: Wrightsville Hydro | K59: Not Reported | L59: Not Reported | M59: 0 | N59: kW | O59: 0 | Q59: Metric | R59: Forward Capacity Supply Obligation (Capacity Reduction Obligation) | S59: 58 | T59: Predefined Metric | U59: [psa].[p_pbs_mc_fcso_cro_uo] | V59: Load reducing generation during the hour of the annual peak multiplied by the same reserve factor as load. Seen in wholesale electricity market only as a lower reported capacity load obligation. | W59: 0 | X59: 44253.44
A60: 2021 | B60: 1 | C60: 2021 | D60: 1 | E60: 20070 | F60: WEC | G60: 848 | H60: WRIGHTSVILLE | I60: ISONE Generator | J60: Wrightsville Hydro | K60: Not Reported | L60: Not Reported | M60: 0 | N60: kWh | O60: 0 | Q60: Metric | R60: Annual New England Peak - Load Obligation Reduction Estimate | S60: 104 | T60: Predefined Metric | U60: [psa].[p_pbs_mc_anep_lore] | V60: Estimated load obligation reduction during hour of New England coincident peak for capacity period. | W60: 0 | X60: 44253.44
A61: 2021 | B61: 1 | C61: 2021 | D61: 1 | E61: 20070 | F61: WEC | G61: 848 | H61: WRIGHTSVILLE | I61: ISONE Generator | J61: Wrightsville Hydro | K61: Not Reported | L61: Not Reported | M61: 0 | N61: kWh | O61: 75047.673 | Q61: Metric | R61: Real Time Energy Market - Load Obligation Reduction Estimate | S61: 106 | T61: Predefined Metric | U61: [psa].[p_pbs_mc_rtem_lore] | V61: Estimated load obligation reduction each hour based on load reducing generaiton and assumed loss adjustments. | W61: 0 | X61: 44253.44
A62: 2021 | B62: 1 | C62: 2021 | D62: 1 | E62: 20070 | F62: WEC | G62: 2183 | H62: NYPA Energy 7X24 11.8 | I62: VPPSA Contract | J62: NYPA Niagara Contract | K62: Not Reported | L62: Not Reported | M62: 0 | N62: % | O62: 0.107966 | Q62: Metric | R62: Resource Entitlement Percentage (Daily) | S62: 2 | T62: Predefined Metric | U62: [psa].[p_pbs_mc_rep] | V62: Percentage entitlement of resource totalling 100% reported by day for mid-month entitlement changes. | W62: 0 | X62: 44253.44
A63: 2021 | B63: 1 | C63: 2021 | D63: 1 | E63: 20070 | F63: WEC | G63: 2433 | H63: RYEGATE 1-NEW | I63: ISONE Generator | J63: Ryegate Facility | K63: Not Reported | L63: Not Reported | M63: 0 | N63: kW | O63: 211.709 | Q63: Metric | R63: Operating Reserve - Thirty Minute Operating Reserve (Delivered) | S63: 112 | T63: Predefined Metric | U63: [psa].[p_pbs_mc_frm] | V63: Generator Operation ramped-up as operating reserves | W63: 0 | X63: 44253.44
A64: 2021 | B64: 1 | C64: 2021 | D64: 1 | E64: 20070 | F64: WEC | G64: 2433 | H64: RYEGATE 1-NEW | I64: ISONE Generator | J64: Ryegate Facility | K64: Not Reported | L64: Not Reported | M64: 0 | N64: kWh | O64: 153328.8 | Q64: Metric | R64: Day Ahead Generation Obligation (Supply) | S64: 10 | T64: Predefined Metric | U64: [psa].[p_pbs_mc_dae] | V64: Cleared supply offers. Same as settled in the wholesale electricity market. | W64: 0 | X64: 44253.44
A65: 2021 | B65: 1 | C65: 2021 | D65: 1 | E65: 20070 | F65: WEC | G65: 4648 | H65: NYPA Capacity 7X24 11.8 | I65: VPPSA Contract | J65: NYPA Niagara Contract | K65: Not Reported | L65: Not Reported | M65: 0 | N65: % | O65: 0.107945 | Q65: Metric | R65: Resource Entitlement Percentage (Daily) | S65: 2 | T65: Predefined Metric | U65: [psa].[p_pbs_mc_rep] | V65: Percentage entitlement of resource totalling 100% reported by day for mid-month entitlement changes. | W65: 0 | X65: 44253.44
A66: 2021 | B66: 1 | C66: 2021 | D66: 1 | E66: 20070 | F66: WEC | G66: 4807 | H66: VEC Energy 7X16 -4 | I66: VPPSA Contract | J66: HQUS WEC-VEC Transfer | K66: Energy (kWh) | L66: Energy (kWh) | M66: 0 | N66: kWh | O66: -1984000 | Q66: Metric | R66: Day Ahead Transfer Obligation (Market) | S66: 15 | T66: Predefined Metric | U66: [psa].[p_pbs_mc_vc_static] | V66: Agreement between VPPSA and another party to transfer a day ahead obligation in the wholesale electricity market at a fixed price & location. | W66: 0 | X66: 44253.44
A67: 2021 | B67: 1 | C67: 2021 | D67: 1 | E67: 20070 | F67: WEC | G67: 4807 | H67: VEC Energy 7X16 -4 | I67: VPPSA Contract | J67: HQUS WEC-VEC Transfer | K67: Not Reported | L67: Not Reported | M67: 0 | N67: % | O67: 1 | Q67: Metric | R67: Resource Entitlement Percentage (Daily) | S67: 2 | T67: Predefined Metric | U67: [psa].[p_pbs_mc_rep] | V67: Percentage entitlement of resource totalling 100% reported by day for mid-month entitlement changes. | W67: 0 | X67: 44253.44
A68: 2021 | B68: 1 | C68: 2021 | D68: 1 | E68: 20070 | F68: WEC | G68: 12323 | H68: Coventry Methane #4-5 | I68: ISONE Generator | J68: Coventry Landfill | K68: Capacity (kW) | L68: Capacity (kW) | M68: 0 | N68: kW | O68: 2440 | Q68: Metric | R68: Forward Capacity Supply Obligation (Existing Capacity Obligation - Intermittent) | S68: 17 | T68: Predefined Metric | U68: [psa].[p_pbs_mc_fcso_eco] | V68: Capacity supply obligation bid/offer for an existing intermittenet resource that cleared in the forward capacity auction. | W68: 0 | X68: 44253.44
... A111: 2021 | B111: 1 | C111: 2021 | D111: 1 | E111: 20070 | F111: WEC | G111: 68735 | H111: COVENTRY CLEAN ENERGY | I111: ISONE Generator | J111: Coventry Landfill | K111: Capacity Factor | L111: Capacity Factor | M111: 0 | N111: % | O111: 0.815807 | Q111: Metric | R111: Generator - Monthly Capacity Factor | S111: 108 | T111: Predefined Metric | U111: [psa].[p_pbs_mc_gen_mcf] | V111: Actual metered generation divided by theoretical output a generator is capable of. | W111: 0 | X111: 44253.44
A112: 2021 | B112: 1 | C112: 2021 | D112: 1 | E112: 20070 | F112: WEC | G112: 848 | H112: WRIGHTSVILLE | I112: ISONE Generator | J112: Wrightsville Hydro | K112: Energy Market Value | L112: Not Reported | M112: 0 | N112: $ | O112: -2362.071 | P112: VPPSA | Q112: Day-Ahead Energy | R112: Reduction Benefit | S112: 27 | T112: Recurring Valuation | U112: [psa].[pProcessValuation] | V112: This shows demand benefits associated with load reduction generators. | W112: 0 | X112: 44253.44
A113: 2021 | B113: 1 | C113: 2021 | D113: 1 | E113: 20070 | F113: WEC | G113: 848 | H113: WRIGHTSVILLE | I113: ISONE Generator | J113: Wrightsville Hydro | K113: Not Reported | L113: Not Reported | M113: 0 | N113: % | O113: 1 | Q113: Metric | R113: Resource Entitlement Percentage (Daily) | S113: 2 | T113: Predefined Metric | U113: [psa].[p_pbs_mc_rep] | V113: Percentage entitlement of resource totalling 100% reported by day for mid-month entitlement changes. | W113: 0 | X113: 44253.44
A114: 2021 | B114: 1 | C114: 2021 | D114: 1 | E114: 20070 | F114: WEC | G114: 2346 | H114: NYPA Energy 7X24 2.5 | I114: VPPSA Contract | J114: NYPA St. Lawrence Contract | K114: Not Reported | L114: Not Reported | M114: 0 | N114: % | O114: 0.03093 | Q114: Metric | R114: Resource Entitlement Percentage (Daily) | S114: 2 | T114: Predefined Metric | U114: [psa].[p_pbs_mc_rep] | V114: Percentage entitlement of resource totalling 100% reported by day for mid-month entitlement changes. | W114: 0 | X114: 44253.44
A115: 2021 | B115: 1 | C115: 2021 | D115: 1 | E115: 20070 | F115: WEC | G115: 2433 | H115: RYEGATE 1-NEW | I115: ISONE Generator | J115: Ryegate Facility | K115: Not Reported | L115: Not Reported | M115: 0 | N115: kW | O115: 1907.612 | Q115: Metric | R115: Operating Reserve - Ten Minute Non-Spinning Reserve (Delivered) | S115: 110 | T115: Predefined Metric | U115: [psa].[p_pbs_mc_frm] | V115: Non-running generator started up as operating reserve | W115: 0 | X115: 44253.44
A116: 2021 | B116: 1 | C116: 2021 | D116: 1 | E116: 20070 | F116: WEC | G116: 2433 | H116: RYEGATE 1-NEW | I116: ISONE Generator | J116: Ryegate Facility | K116: Not Reported | L116: Not Reported | M116: 0 | N116: kWh | O116: 29352.357 | Q116: Metric | R116: Real Time Generation Obligation Deviation (Market) | S116: 37 | T116: Predefined Metric | U116: [psa].[p_pbs_mc_rtgod_market] | V116: Generator obligation deviations. Same as settled in the wholesale electricity market. Equivalent to RTGO - DAGO. | W116: 0 | X116: 44253.44
A117: 2021 | B117: 1 | C117: 2021 | D117: 1 | E117: 20070 | F117: WEC | G117: 4649 | H117: NYPA Capacity 7X24 2.5 | I117: VPPSA Contract | J117: NYPA Niagara Contract | K117: Capacity (kW) | L117: Capacity (kW) | M117: 0 | N117: kW | O117: 246.933 | Q117: Metric | R117: Forward Capacity Commodity Swap (Existing Capacity Obligation) | S117: 25 | T117: Predefined Metric | U117: [psa].[p_pbs_mc_vc_nypa] | V117: Agreement whereby VPPSA and another party exchange floating capacity price for a fixed price over a specified period without transferring an obligation in the wholesale electricity market. | W117: 0 | X117: 44253.44
A118: 2021 | B118: 1 | C118: 2021 | D118: 1 | E118: 20070 | F118: WEC | G118: 4649 | H118: NYPA Capacity 7X24 2.5 | I118: VPPSA Contract | J118: NYPA Niagara Contract | K118: Not Reported | L118: Not Reported | M118: 0 | N118: % | O118: 0.107945 | Q118: Metric | R118: Resource Entitlement Percentage (Daily) | S118: 2 | T118: Predefined Metric | U118: [psa].[p_pbs_mc_rep] | V118: Percentage entitlement of resource totalling 100% reported by day for mid-month entitlement changes. | W118: 0 | X118: 44253.44
A119: 2021 | B119: 1 | C119: 2021 | D119: 1 | E119: 20070 | F119: WEC | G119: 4650 | H119: NYPA Capacity 7X24 1 | I119: VPPSA Contract | J119: NYPA St. Lawrence Contract | K119: Not Reported | L119: Not Reported | M119: 0 | N119: % | O119: 0.031 | Q119: Metric | R119: Resource Entitlement Percentage (Daily) | S119: 2 | T119: Predefined Metric | U119: [psa].[p_pbs_mc_rep] | V119: Percentage entitlement of resource totalling 100% reported by day for mid-month entitlement changes. | W119: 0 | X119: 44253.44
A120: 2021 | B120: 1 | C120: 2021 | D120: 1 | E120: 20070 | F120: WEC | G120: 10801 | H120: Coventry Methane #1-3 | I120: ISONE Generator | J120: Coventry Landfill | K120: Not Reported | L120: Not Reported | M120: 0 | N120: % | O120: 1 | Q120: Metric | R120: Resource Entitlement Percentage (Daily) | S120: 2 | T120: Predefined Metric | U120: [psa].[p_pbs_mc_rep] | V120: Percentage entitlement of resource totalling 100% reported by day for mid-month entitlement changes. | W120: 0 | X120: 44253.44
A121: 2021 | B121: 1 | C121: 2021 | D121: 1 | E121: 20070 | F121: WEC | G121: 12530 | H121: SHEFFIELD WIND | I121: ISONE Generator | J121: Sheffield Wind | K121: Not Reported | L121: Not Reported | M121: 0 | N121: kWh | O121: 158600 | Q121: Metric | R121: Day Ahead Generation Obligation (Supply) | S121: 10 | T121: Predefined Metric | U121: [psa].[p_pbs_mc_dae] | V121: Cleared supply offers. Same as settled in the wholesale electricity market. | W121: 0 | X121: 44253.44
A122: 2021 | B122: 1 | C122: 2021 | D122: 1 | E122: 20070 | F122: WEC | G122: 68735 | H122: COVENTRY CLEAN ENERGY | I122: ISONE Generator | J122: Coventry Landfill | K122: Nameplate Capacity (kW) | L122: Nameplate Capacity (kW) | M122: 0 | N122: kW | O122: 4800 | Q122: Metric | R122: Generator - Nominal Capacity Rating | S122: 107 | T122: Predefined Metric | U122: [psa].[p_pbs_mc_gen_ncr] | V122: Theoretical output a generator is capable of. | W122: 0 | X122: 44253.44
A123: 2021 | B123: 1 | C123: 2021 | D123: 1 | E123: 20070 | F123: WEC | G123: 68735 | H123: COVENTRY CLEAN ENERGY | I123: ISONE Generator | J123: Coventry Landfill | K123: Not Reported | L123: Not Reported | M123: 0 | N123: kWh | O123: -657789.01 | Q123: Metric | R123: Real Time Generation Obligation Deviation (Market) | S123: 37 | T123: Predefined Metric | U123: [psa].[p_pbs_mc_rtgod_market] | V123: Generator obligation deviations. Same as settled in the wholesale electricity market. Equivalent to RTGO - DAGO. | W123: 0 | X123: 44253.44
A124: 2021 | B124: 1 | C124: 2021 | D124: 1 | E124: 20070 | F124: WEC | G124: 68736 | H124: COVENTRY CLEAN ENERGY #4 | I124: ISONE Generator | J124: Coventry Landfill | K124: Not Reported | L124: Not Reported | M124: 0 | N124: kW | O124: 17878.825 | Q124: Metric | R124: Operating Reserve - Thirty Minute Operating Reserve (Delivered) | S124: 112 | T124: Predefined Metric | U124: [psa].[p_pbs_mc_frm] | V124: Generator Operation ramped-up as operating reserves | W124: 0 | X124: 44253.44
... A128: 2021 | B128: 1 | C128: 2021 | D128: 1 | E128: 20070 | F128: WEC | G128: 68736 | H128: COVENTRY CLEAN ENERGY #4 | I128: ISONE Generator | J128: Coventry Landfill | K128: Not Reported | L128: Not Reported | M128: 0 | N128: kWh | O128: 2380800 | Q128: Metric | R128: Day Ahead Generation Obligation (Supply) | S128: 10 | T128: Predefined Metric | U128: [psa].[p_pbs_mc_dae] | V128: Cleared supply offers. Same as settled in the wholesale electricity market. | W128: 0 | X128: 44253.44
A129: 2021 | B129: 1 | C129: 2021 | D129: 1 | E129: 20070 | F129: WEC | G129: 0 | H129: Not Specified | I129: Not Specified | J129: Not Specified | K129: Capacity Credits ($) | L129: Capacity Market | M129: 1 | N129: $ | O129: -14.571102 | P129: ISONE | Q129: Forward Capacity Market Charge | R129: Coverage Failure Credit | S129: 188 | T129: Recurring Allocation | U129: [psa].[pProcessAllocation] | V129: The funds generated from charges on resources that failed to demonstrate capacity equal to obligation are allocated on capacity load obligation. NOTE: Ending 6/30 and replacing since the metric used now has positive as well as negative values and is giving invalid results. | W129: 0 | X129: 44253.44
A130: 2021 | B130: 1 | C130: 2021 | D130: 1 | E130: 20070 | F130: WEC | G130: 0 | H130: Not Specified | I130: Not Specified | J130: Not Specified | K130: Capacity Credits ($) | L130: Capacity Market | M130: 1 | N130: $ | O130: 4.031482 | P130: ISONE | Q130: Forward Capacity Market Charge | R130: CTR Fund | S130: 187 | T130: Recurring Allocation | U130: [psa].[pProcessAllocation] | V130: Can be a charge or a credit. The Capacity Transfer Right fund is a result of an imbalance in NRCP between capacity zones due to import/export constraints. The residual portion is allocated on capacity load obligation to one zone or the other. NOTE: Ending 6/30 and replacing since the metric used now has positive as well as negative values and is giving invalid results. | W130: 0 | X130: 44253.44
A131: 2021 | B131: 1 | C131: 2021 | D131: 1 | E131: 20070 | F131: WEC | G131: 0 | H131: Not Specified | I131: Not Specified | J131: Not Specified | K131: Not Reported | L131: Auction Revenue Rights | M131: 1 | N131: $ | O131: -159.06388 | P131: ISONE | Q131: ARR Monthly On-Peak Alloc | R131: Load Share | S131: 44 | T131: Recurring Allocation | U131: [psa].[pProcessAllocation] | V131: NULL | W131: 0 | X131: 44253.44
A132: 2021 | B132: 1 | C132: 2021 | D132: 1 | E132: 20070 | F132: WEC | G132: 0 | H132: Not Specified | I132: Not Specified | J132: Not Specified | K132: Not Reported | L132: Auction Revenue Rights | M132: 1 | N132: $ | O132: -85.509534 | P132: ISONE | Q132: ARR Long Term Off-Peak Alloc | R132: Load Share 2 | S132: 98 | T132: Recurring Allocation | U132: [psa].[pProcessAllocation] | V132: Long1/Long2 done separately because no other field differentiates values and SQL procedure uses AVG(). May be SUM() is better or store option as input here. | W132: 0 | X132: 44253.44
A133: 2021 | B133: 1 | C133: 2021 | D133: 1 | E133: 20070 | F133: WEC | G133: 0 | H133: Not Specified | I133: Not Specified | J133: Not Specified | K133: Not Reported | L133: Capacity Market | M133: 1 | N133: $ | O133: 93925.447 | P133: ISONE | Q133: Forward Capacity Market Charge | R133: CLO | S133: 79 | T133: Recurring Valuation | U133: [psa].[pProcessValuation] | V133: Installed Capacity Requirement times NRCP to get charges if no SSO or HQICC. HQICC and SSO will be calculated separately. | W133: 0 | X133: 44253.44
A134: 2021 | B134: 1 | C134: 2021 | D134: 1 | E134: 20070 | F134: WEC | G134: 0 | H134: Not Specified | I134: Not Specified | J134: Not Specified | K134: Not Reported | L134: NCPC | M134: 1 | N134: $ | O134: 432.20519 | P134: ISONE | Q134: Day-Ahead NCPC | R134: Primary Reliability | S134: 79 | T134: Recurring Allocation | U134: [psa].[pProcessAllocation] | V134: First-contingency NCPC payments ("economic")—reliability costs paid to eligible resources providing systemwide or local first-contingency protection. | W134: 0 | X134: 44253.44
A135: 2021 | B135: 1 | C135: 2021 | D135: 1 | E135: 20070 | F135: WEC | G135: 0 | H135: Not Specified | I135: Not Specified | J135: Not Specified | K135: Not Reported | L135: Other Load Settlement | M135: 1 | N135: $ | O135: -11272.86 | P135: ISONE | Q135: Excess Transmission Cong Rev | R135: Incidental Adjustments | S135: 995 | T135: Incidental Allocation | U135: [psa].[pProcessIncidental] | V135: Allocated based on calculation of congestion payments over the course of 2019. | W135: 0 | X135: 44253.44
A136: 2021 | B136: 1 | C136: 2021 | D136: 1 | E136: 20070 | F136: WEC | G136: 0 | H136: Not Specified | I136: Not Specified | J136: Not Specified | K136: Not Reported | L136: Other Load Settlement | M136: 1 | N136: $ | O136: 4.942506 | P136: ISONE | Q136: ISONE Invoice Tie Workbook | R136: Rounding Rectification | S136: 998 | T136: Incidental Allocation | U136: [psa].[pProcessIncidental] | V136: Discrepancy between ISONE invoice and VPPSA allocated charges & credits found in the ISONE Invoice Tie Workbook for the month. Settlement. MAINLY FCM CHARGE. | W136: 0 | X136: 44253.44
A137: 2021 | B137: 1 | C137: 2021 | D137: 1 | E137: 20070 | F137: WEC | G137: 0 | H137: Not Specified | I137: Not Specified | J137: Not Specified | K137: Not Reported | L137: Reserve Market | M137: 1 | N137: $ | O137: 471.34381 | P137: ISONE | Q137: Reserve Market | R137: RealTime TMSR Cost | S137: 37 | T137: Recurring Allocation | U137: [psa].[pProcessAllocation] | V137: NULL | W137: 0 | X137: 44253.44
A138: 2021 | B138: 1 | C138: 2021 | D138: 1 | E138: 20070 | F138: WEC | G138: 0 | H138: Not Specified | I138: Not Specified | J138: Not Specified | K138: Not Reported | L138: Reserve Market | M138: 1 | N138: $ | O138: 1048.0556 | P138: ISONE | Q138: Reserve Market | R138: Forward System | S138: 28 | T138: Recurring Allocation | U138: [psa].[pProcessAllocation] | V138: NULL | W138: 0 | X138: 44253.44
A139: 2021 | B139: 1 | C139: 2021 | D139: 1 | E139: 20070 | F139: WEC | G139: 0 | H139: Not Specified | I139: Not Specified | J139: Not Specified | K139: Not Reported | L139: VELCO Market Settlement | M139: 1 | N139: $ | O139: 302.31078 | P139: VELCO | Q139: VELCO Market Invoice | R139: Non-FCM | S139: 159 | T139: Recurring Allocation | U139: [psa].[pProcessAllocation] | V139: Non-FCM VELCO ISONE market pass-through charges. 2018-06-14 Changing from All Accounts to just VT Utilities. 2018 12 Removing Energy from this allocation. Need to give to NYPA and HQ participants more fairly. | W139: 0 | X139: 44253.44
A140: 2021 | B140: 1 | C140: 2021 | D140: 1 | E140: 20070 | F140: WEC | G140: 0 | H140: Not Specified | I140: Not Specified | J140: Not Specified | K140: Other Credits ($) | L140: NCPC | M140: 1 | N140: $ | O140: 494.47637 | P140: ISONE | Q140: Real-Time NCPC | R140: 1st Contingency Charge | S140: 64 | T140: Recurring Allocation | U140: [psa].[pProcessAllocation] | V140: Charge to cover financial losses incurred while a generator is providing protection for1st contingency outages (sometimes called "Economic NCPC"). This should really be reported under Load & Gen. This can be done as an allocation because the deviations direction does not matter - any deviation is applicable to receiving NCPC 1st contingency charge. | W140: 0 | X140: 44253.44
... A196: 2021 | B196: 1 | C196: 2021 | D196: 1 | E196: 20070 | F196: WEC | G196: 68736 | H196: COVENTRY CLEAN ENERGY #4 | I196: ISONE Generator | J196: Coventry Landfill | K196: Other Credits ($) | L196: Not Reported | M196: 1 | N196: $ | O196: -17.63 | P196: ISONE | Q196: Real-Time NCPC | R196: Lost Opportunity Credit | S196: 136 | T196: Recurring Allocation | U196: [psa].[pProcessAllocation] | V196: NULL | W196: 0 | X196: 44253.44
A197: 2021 | B197: 1 | C197: 2020 | D197: 12 | E197: 20070 | F197: WEC | G197: 0 | H197: Not Specified | I197: Not Specified | J197: Not Specified | K197: Not Reported | L197: Not Reported | M197: 0 | N197: kWh | O197: -16036.7 | Q197: Metric | R197: Monthly Peak - Non-Coincident Load (Market) | S197: 38 | T197: Predefined Metric | U197: [psa].[p_pbs_mc_mpncl_market] | V197: Hourly peak load of the customer in a given month. Equivalent to actual load plus actual reduction for that hour. | W197: 0 | X197: 44253.44
A198: 2021 | B198: 1 | C198: 2020 | D198: 12 | E198: 20070 | F198: WEC | G198: 0 | H198: Not Specified | I198: Not Specified | J198: Not Specified | K198: Peak Load - OATT Allocator | L198: Peak Load - OATT Allocator | M198: 0 | N198: kWh | O198: -14896.1 | Q198: Metric | R198: Monthly Regional Network Peak - Real Time Load Obligation | S198: 7 | T198: Predefined Metric | U198: [psa].[p_pbs_mc_mrnp_rtlo] | V198: Reported load of customers during the hour of peak load on the regional transmission network in a given month. | W198: 0 | X198: 44253.44
A199: 2021 | B199: 1 | C199: 2020 | D199: 12 | E199: 20070 | F199: WEC | G199: 0 | H199: Not Specified | I199: Not Specified | J199: Not Specified | K199: Not Reported | L199: Not Reported | M199: 0 | N199: kWh | O199: 7714973.4 | Q199: Metric | R199: Volumetric Measure (Energy) | S199: 49 | T199: Predefined Metric | U199: [psa].[p_pbs_mc_sfts2_vm] | V199: Energy from both Load and Generation from the previous month. | W199: 0 | X199: 44253.44
A200: 2021 | B200: 1 | C200: 2020 | D200: 12 | E200: 20070 | F200: WEC | G200: 0 | H200: Not Specified | I200: Not Specified | J200: Not Specified | K200: Peak Date | L200: Peak Date | M200: 0 | N200: DHE | O200: 20201218 | Q200: Metric | R200: Monthly Regional Network Peak - Year Month Day Hour | S200: 98 | T200: Predefined Metric | U200: [psa].[p_pbs_mc_mrnp_ymdh] | V200: Date and hour ending of peak load on the regional transmission network in a given month. | W200: 0 | X200: 44253.44
A201: 2021 | B201: 1 | C201: 2020 | D201: 12 | E201: 20070 | F201: WEC | G201: 848 | H201: WRIGHTSVILLE | I201: ISONE Generator | J201: Wrightsville Hydro | K201: Metered Production at time of RNS Peak (kW) | L201: Metered Production at time of RNS Peak (kW) | M201: 0 | N201: kWh | O201: 195 | Q201: Metric | R201: Monthly Regional Network Peak - Metered Load Reducing Generation | S201: 33 | T201: Predefined Metric | U201: [psa].[p_pbs_mc_mrnp_mlrg_uo] | V201: Metered generation of load reducers during the hour of peak load on the regional transmission network in a given month. | W201: 0 | X201: 44253.44
A202: 2021 | B202: 1 | C202: 2020 | D202: 12 | E202: 20070 | F202: WEC | G202: 848 | H202: WRIGHTSVILLE | I202: ISONE Generator | J202: Wrightsville Hydro | K202: RNS Value | L202: Not Reported | M202: 0 | N202: $ | O202: -1921.2902 | P202: VPPSA | Q202: OATT Schedule 9 RNS | R202: Post 96 Reduction Benefit | S202: 45 | T202: Recurring Valuation | U202: [psa].[pProcessValuation] | V202: Post-96 RNS charges avoided through load reduction. | W202: 0 | X202: 44253.44
A203: 2021 | B203: 1 | C203: 2020 | D203: 12 | E203: 20070 | F203: WEC | G203: 4827 | H203: HQUS Energy 7X16 6.067 | I203: VPPSA Contract | J203: HQUS Contract | K203: Not Reported | L203: Not Reported | M203: 0 | N203: TU | O203: 42.827885 | Q203: Metric | R203: Transactional Unit (Energy) | S203: 50 | T203: Predefined Metric | U203: [psa].[p_pbs_mc_sfts2_tu] | V203: One assessed per hour/location for: Cleared Demand/Supply Bid; non-zero ANI; RT IBT. | W203: 0 | X203: 44253.44
A204: 2021 | B204: 1 | C204: 2020 | D204: 12 | E204: 20070 | F204: WEC | G204: 0 | H204: Not Specified | I204: Not Specified | J204: Not Specified | K204: Not Reported | L204: Not Reported | M204: 0 | N204: TU | O204: 62 | Q204: Metric | R204: Transactional Unit (Energy) | S204: 50 | T204: Predefined Metric | U204: [psa].[p_pbs_mc_sfts2_tu] | V204: One assessed per hour/location for: Cleared Demand/Supply Bid; non-zero ANI; RT IBT. | W204: 0 | X204: 44253.44
A205: 2021 | B205: 1 | C205: 2020 | D205: 12 | E205: 20070 | F205: WEC | G205: 37 | H205: Coventry Methane #1-3 | I205: ISONE Generator | J205: Coventry Landfill | K205: Not Reported | L205: Not Reported | M205: 0 | N205: TU | O205: 372 | Q205: Metric | R205: Transactional Unit (Virtual Submitted) | S205: 51 | T205: Predefined Metric | U205: [psa].[p_pbs_mc_sfts2_tu] | V205: One assessed per hour/location for: Submitted Increment/Decrement. | W205: 0 | X205: 44253.44
A206: 2021 | B206: 1 | C206: 2020 | D206: 12 | E206: 20070 | F206: WEC | G206: 848 | H206: WRIGHTSVILLE | I206: ISONE Generator | J206: Wrightsville Hydro | K206: RNS Value | L206: Not Reported | M206: 0 | N206: $ | O206: -1.775796 | P206: VPPSA | Q206: ISO Schedule 5 NESCOE | R206: Reduction Benefit | S206: 49 | T206: Recurring Valuation | U206: [psa].[pProcessValuation] | V206: Settlement benefit of load reduction generation at monthly peak. | W206: 0 | X206: 44253.44
A207: 2021 | B207: 1 | C207: 2020 | D207: 12 | E207: 20070 | F207: WEC | G207: 2346 | H207: NYPA Energy 7X24 2.5 | I207: VPPSA Contract | J207: NYPA St. Lawrence Contract | K207: Not Reported | L207: Not Reported | M207: 0 | N207: TU | O207: 64.241828 | Q207: Metric | R207: Transactional Unit (Energy) | S207: 50 | T207: Predefined Metric | U207: [psa].[p_pbs_mc_sfts2_tu] | V207: One assessed per hour/location for: Cleared Demand/Supply Bid; non-zero ANI; RT IBT. | W207: 0 | X207: 44253.44
A208: 2021 | B208: 1 | C208: 2020 | D208: 12 | E208: 20070 | F208: WEC | G208: 2433 | H208: RYEGATE 1-NEW | I208: ISONE Generator | J208: Ryegate Facility | K208: Not Reported | L208: Not Reported | M208: 0 | N208: kWh | O208: 164093.3 | Q208: Metric | R208: Volumetric Measure (Energy) | S208: 49 | T208: Predefined Metric | U208: [psa].[p_pbs_mc_sfts2_vm] | V208: Energy from both Load and Generation from the previous month. | W208: 0 | X208: 44253.44
A209: 2021 | B209: 1 | C209: 2020 | D209: 12 | E209: 20070 | F209: WEC | G209: 39 | H209: Coventry Methane #4-5 | I209: ISONE Generator | J209: Coventry Landfill | K209: Not Reported | L209: Not Reported | M209: 0 | N209: TU | O209: 372 | Q209: Metric | R209: Transactional Unit (Virtual Cleared) | S209: 52 | T209: Predefined Metric | U209: [psa].[p_pbs_mc_sfts2_tu] | V209: One assessed per hour/location for: Cleared Increment/Decrement. | W209: 0 | X209: 44253.44
A210: 2021 | B210: 1 | C210: 2020 | D210: 12 | E210: 20070 | F210: WEC | G210: 848 | H210: WRIGHTSVILLE | I210: ISONE Generator | J210: Wrightsville Hydro | K210: RNS Value | L210: Not Reported | M210: 0 | N210: $ | O210: -252.40519 | P210: VPPSA | Q210: OATT Schedule 9 RNS | R210: Pre 97 Reduction Benefit | S210: 46 | T210: Recurring Valuation | U210: [psa].[pProcessValuation] | V210: Pre-97 RNS charges avoided through load reduction. | W210: 0 | X210: 44253.44
A211: 2021 | B211: 1 | C211: 2020 | D211: 12 | E211: 20070 | F211: WEC | G211: 848 | H211: WRIGHTSVILLE | I211: ISONE Generator | J211: Wrightsville Hydro | K211: RNS Value | L211: Not Reported | M211: 0 | N211: $ | O211: -35.576459 | P211: VPPSA | Q211: ISO Schedule 1 RNS | R211: Reduction Benefit | S211: 48 | T211: Recurring Valuation | U211: [psa].[pProcessValuation] | V211: Settlement benefit of load reduction generation at monthly peak. | W211: 0 | X211: 44253.44
A212: 2021 | B212: 1 | C212: 2020 | D212: 12 | E212: 20070 | F212: WEC | G212: 37 | H212: Coventry Methane #1-3 | I212: ISONE Generator | J212: Coventry Landfill | K212: Not Reported | L212: Not Reported | M212: 0 | N212: TU | O212: 372 | Q212: Metric | R212: Transactional Unit (Virtual Cleared) | S212: 52 | T212: Predefined Metric | U212: [psa].[p_pbs_mc_sfts2_tu] | V212: One assessed per hour/location for: Cleared Increment/Decrement. | W212: 0 | X212: 44253.44
A213: 2021 | B213: 1 | C213: 2020 | D213: 12 | E213: 20070 | F213: WEC | G213: 39 | H213: Coventry Methane #4-5 | I213: ISONE Generator | J213: Coventry Landfill | K213: Not Reported | L213: Not Reported | M213: 0 | N213: TU | O213: 372 | Q213: Metric | R213: Transactional Unit (Virtual Submitted) | S213: 51 | T213: Predefined Metric | U213: [psa].[p_pbs_mc_sfts2_tu] | V213: One assessed per hour/location for: Submitted Increment/Decrement. | W213: 0 | X213: 44253.44
A214: 2021 | B214: 1 | C214: 2020 | D214: 12 | E214: 20070 | F214: WEC | G214: 848 | H214: WRIGHTSVILLE | I214: ISONE Generator | J214: Wrightsville Hydro | K214: Not Reported | L214: Not Reported | M214: 0 | N214: kWh | O214: 0.201795 | Q214: Metric | R214: Monthly Regional Network Peak - Load Obligation Reduction Estimate | S214: 100 | T214: Predefined Metric | U214: [psa].[p_pbs_mc_mrnp_lore] | V214: Estimated load obligation reduction during hour of peak load on the regional transmission network in a given month. | W214: 0 | X214: 44253.44
A215: 2021 | B215: 1 | C215: 2020 | D215: 12 | E215: 20070 | F215: WEC | G215: 2433 | H215: RYEGATE 1-NEW | I215: ISONE Generator | J215: Ryegate Facility | K215: Capacity (kW) | L215: Not Reported | M215: 0 | N215: kW | O215: 254.23443 | P215: VELCO | Q215: VELCO FCM Backup | R215: ECO | S215: 981 | T215: Incidental Allocation | U215: [psa].[pProcessIncidental] | V215: Pass-Through of VELCO VEPPI ECO. Is delayed by one month. | W215: 0 | X215: 44253.44
A216: 2021 | B216: 1 | C216: 2020 | D216: 12 | E216: 20070 | F216: WEC | G216: 10801 | H216: Coventry Methane #1-3 | I216: ISONE Generator | J216: Coventry Landfill | K216: Not Reported | L216: Not Reported | M216: 0 | N216: kWh | O216: 2993226 | Q216: Metric | R216: Volumetric Measure (Energy) | S216: 49 | T216: Predefined Metric | U216: [psa].[p_pbs_mc_sfts2_vm] | V216: Energy from both Load and Generation from the previous month. | W216: 0 | X216: 44253.44
A217: 2021 | B217: 1 | C217: 2020 | D217: 12 | E217: 20070 | F217: WEC | G217: 12530 | H217: SHEFFIELD WIND | I217: ISONE Generator | J217: Sheffield Wind | K217: Not Reported | L217: Not Reported | M217: 0 | N217: kWh | O217: 719278 | Q217: Metric | R217: Volumetric Measure (Energy) | S217: 49 | T217: Predefined Metric | U217: [psa].[p_pbs_mc_sfts2_vm] | V217: Energy from both Load and Generation from the previous month. | W217: 0 | X217: 44253.44
A218: 2021 | B218: 1 | C218: 2020 | D218: 12 | E218: 20070 | F218: WEC | G218: 4116 | H218: HQUS Energy 7X16 211.469 | I218: VPPSA Contract | J218: HQUS Contract | K218: Not Reported | L218: Not Reported | M218: 0 | N218: TU | O218: 42.827885 | Q218: Metric | R218: Transactional Unit (Energy) | S218: 50 | T218: Predefined Metric | U218: [psa].[p_pbs_mc_sfts2_tu] | V218: One assessed per hour/location for: Cleared Demand/Supply Bid; non-zero ANI; RT IBT. | W218: 0 | X218: 44253.44
A219: 2021 | B219: 1 | C219: 2020 | D219: 12 | E219: 20070 | F219: WEC | G219: 4807 | H219: VEC Energy 7X16 -4 | I219: VPPSA Contract | J219: HQUS WEC-VEC Transfer | K219: Not Reported | L219: Not Reported | M219: 0 | N219: TU | O219: 1216 | Q219: Metric | R219: Transactional Unit (Energy) | S219: 50 | T219: Predefined Metric | U219: [psa].[p_pbs_mc_sfts2_tu] | V219: One assessed per hour/location for: Cleared Demand/Supply Bid; non-zero ANI; RT IBT. | W219: 0 | X219: 44253.44
A220: 2021 | B220: 1 | C220: 2020 | D220: 12 | E220: 20070 | F220: WEC | G220: 12323 | H220: Coventry Methane #4-5 | I220: ISONE Generator | J220: Coventry Landfill | K220: Not Reported | L220: Not Reported | M220: 0 | N220: kWh | O220: 2096866 | Q220: Metric | R220: Volumetric Measure (Energy) | S220: 49 | T220: Predefined Metric | U220: [psa].[p_pbs_mc_sfts2_vm] | V220: Energy from both Load and Generation from the previous month. | W220: 0 | X220: 44253.44
A221: 2021 | B221: 1 | C221: 2020 | D221: 12 | E221: 20070 | F221: WEC | G221: 848 | H221: WRIGHTSVILLE | I221: ISONE Generator | J221: Wrightsville Hydro | K221: RNS Value | L221: Not Reported | M221: 0 | N221: $ | O221: -29.340993 | P221: VPPSA | Q221: OATT Schedule 1 RNS | R221: Reduction Benefit | S221: 47 | T221: Recurring Valuation | U221: [psa].[pProcessValuation] | V221: Settlement benefit of load reduction generation at monthly peak. | W221: 0 | X221: 44253.44
A222: 2021 | B222: 1 | C222: 2020 | D222: 12 | E222: 20070 | F222: WEC | G222: 2183 | H222: NYPA Energy 7X24 11.8 | I222: VPPSA Contract | J222: NYPA Niagara Contract | K222: Not Reported | L222: Not Reported | M222: 0 | N222: TU | O222: 64.241828 | Q222: Metric | R222: Transactional Unit (Energy) | S222: 50 | T222: Predefined Metric | U222: [psa].[p_pbs_mc_sfts2_tu] | V222: One assessed per hour/location for: Cleared Demand/Supply Bid; non-zero ANI; RT IBT. | W222: 0 | X222: 44253.44
A223: 2021 | B223: 1 | C223: 2020 | D223: 12 | E223: 20070 | F223: WEC | G223: 0 | H223: Not Specified | I223: Not Specified | J223: Not Specified | K223: Not Reported | L223: ISONE Self Funding Tariff | M223: 1 | N223: $ | O223: 131.38512 | P223: ISONE | Q223: ISO Schedule 5 NESCOE | R223: Operations | S223: 86 | T223: Recurring Allocation | U223: [psa].[pProcessAllocation] | V223: ISO Schedule 5 is the vehicle for recovery of funds from transmission customers to cover New England State Committee on Electricity (NESCOE) budgeted operating expenses. | W223: 0 | X223: 44253.44
A224: 2021 | B224: 1 | C224: 2020 | D224: 12 | E224: 20070 | F224: WEC | G224: 0 | H224: Not Specified | I224: Not Specified | J224: Not Specified | K224: Not Reported | L224: ISONE Self Funding Tariff | M224: 1 | N224: $ | O224: 2625.6346 | P224: ISONE | Q224: ISO Schedule 1 RNS | R224: Administration | S224: 70 | T224: Recurring Allocation | U224: [psa].[pProcessAllocation] | V224: NULL | W224: 0 | X224: 44253.44
A225: 2021 | B225: 1 | C225: 2020 | D225: 12 | E225: 20070 | F225: WEC | G225: 0 | H225: Not Specified | I225: Not Specified | J225: Not Specified | K225: Not Reported | L225: ISONE Self Funding Tariff | M225: 1 | N225: $ | O225: 2742.0567 | P225: ISONE | Q225: ISO Schedule 2 | R225: Energy Volume 1 | S225: 94 | T225: Recurring Allocation | U225: [psa].[pProcessAllocation] | V225: Settlement for ISO-NE Self-Funding Tariff attributable to energy volumes (generation & load). | W225: 0 | X225: 44253.44
A226: 2021 | B226: 1 | C226: 2020 | D226: 12 | E226: 20070 | F226: WEC | G226: 0 | H226: Not Specified | I226: Not Specified | J226: Not Specified | K226: Not Reported | L226: Open Access Transmission Tariff | M226: 1 | N226: $ | O226: 2226.9452 | P226: ISONE | Q226: OATT-Schedule 16 Blackstart | R226: Service | S226: 58 | T226: Recurring Allocation | U226: [psa].[pProcessAllocation] | V226: NULL | W226: 0 | X226: 44253.44
A227: 2021 | B227: 1 | C227: 2020 | D227: 12 | E227: 20070 | F227: WEC | G227: 39 | H227: Coventry Methane #4-5 | I227: ISONE Generator | J227: Coventry Landfill | K227: Not Reported | L227: ISONE Self Funding Tariff | M227: 1 | N227: $ | O227: 22.32 | P227: ISONE | Q227: ISO Schedule 2 | R227: Virtual Clear 1 | S227: 93 | T227: Recurring Allocation | U227: [psa].[pProcessAllocation] | V227: Settlement for ISO-NE Self-Funding Tariff attributable to virtual energy bid clearing (Increments/Decrements). Applies to Load & Gen. | W227: 0 | X227: 44253.44
...

Sheet WEC_REC_Transactions
A1: v_transactionID | B1: v_transactionType | C1: v_buyer | D1: v_seller | E1: v_vintage | F1: v_recType | G1: v_quantity | H1: v_delivered | I1: v_remaining | J1: v_unitID | K1: v_price | L1: v_amount | M1: v_broker | N1: v_brokerAmount | O1: v_tradeDate | P1: v_deliveryQuarter | Q1: v_deliveryDate | R1: v_transactionNotes
A2: 221 | B2: Purchase | C2: Direct | D2: WEC | E2: 2021 | F2: CT1;MA1;RI1 | G2: 10000 | H2: 10000 | I2: 0 | J2: Not Specified | K2: 23.25 | L2: 232500 | M2: None | N2: 0 | O2: 43557 | P2: 44713 | Q2: 44713 | R2: Looks like GT Financial trade but no broker fee noted on the paperwork from broker._x000D_ _x000D_ Trade number 2019-2 in spreadsheet from WEC.
A3: 222 | B3: Purchase | C3: Direct | D3: WEC | E3: 2021 | F3: MA1;RI1 | G3: 10000 | H3: 10000 | I3: 0 | J3: Not Specified | K3: 30 | L3: 300000 | M3: GT | N3: 0 | O3: 43712 | P3: 44713 | Q3: 44713 | R3: GT was broker but doesn't look like and broker fee charged._x000D_ _x000D_ WEC trade code 2019-7_x000D_ _x000D_ Strip deal with 223
A4: 224 | B4: Purchase | C4: Direct | D4: WEC | E4: 2021 | F4: MA1;RI1 | G4: 10000 | H4: 10000 | I4: 0 | J4: Not Specified | K4: 32.5 | L4: 325000 | M4: GT | N4: 0 | O4: 43746 | P4: 44666 | Q4: 44666 | R4: Trade confirm shows delivery date should be between April 15, 2022 and June 1, 2022. _x000D_ _x000D_ GT was broker but no fees._x000D_ _x000D_ Remaining 3560 delivered 4/26/22
A5: 225 | B5: Purchase | C5: Direct | D5: WEC | E5: 2021 | F5: MA1;RI1 | G5: 10000 | H5: 10000 | I5: 0 | J5: Not Specified | K5: 35 | L5: 350000 | M5: GT | N5: 0 | O5: 43959 | P5: 44348 | Q5: 44348 | R5: Trade Code 2020-3._x000D_ _x000D_ Strip of 2021 and 2022. Same volume and classification each year.
A6: 227 | B6: Purchase | C6: Direct | D6: WEC | E6: 2021 | F6: MA1;RI1 | G6: 5000 | H6: 5000 | I6: 0 | J6: Not Specified | K6: 38 | L6: 190000 | M6: GT | N6: 0 | O6: 43991 | P6: 44713 | Q6: 44713 | R6: Delivery between April 15, 2022 and June 1, 2022._x000D_ _x000D_ Part of strip deal with 228. This year is 5k. Next year is 10k._x000D_ _x000D_ Trade code 2020-5_x000D_ _x000D_ All RECs delivered 4/26/22
A7: 229 | B7: Purchase | C7: Direct | D7: WEC | E7: 2021 | F7: MA1;RI1 | G7: 10000 | H7: 10000 | I7: 0 | J7: Not Specified | K7: 41.25 | L7: 412500 | M7: GT | N7: 0 | O7: 44006 | P7: 44713 | Q7: 44713 | R7: Part of strip deal with 230._x000D_ _x000D_ No special requirements for delivery._x000D_ _x000D_
A8: 241 | B8: Purchase | C8: Direct | D8: WEC | E8: 2021 | F8: CT1;MA1;RI1;NH1 | G8: 5049 | H8: 5049 | I8: 0 | J8: Coventry Methane #4-5 | K8: 35 | L8: 176715 | M8: GT | N8: 0 | O8: 44697 | P8: 44713 | Q8: 44713 | R8: Part of clean up of 2021 RECs. _x000D_ _x000D_ Coventry 2 Only
A9: 242 | B9: Purchase | C9: Direct | D9: WEC | E9: 2021 | F9: CT1 | G9: 796 | H9: 796 | I9: 0 | J9: Ryegate Wood | K9: 35 | L9: 27860 | M9: GT | N9: 0 | O9: 44697 | P9: 44713 | Q9: 44713 | R9: Clean up of 2021 RECs._x000D_ _x000D_ Ryegate Only
A10: 243 | B10: Purchase | C10: Direct | D10: WEC | E10: 2021 | F10: MA1 | G10: 267 | H10: 267 | I10: 0 | J10: Coventry Methane #1-3 | K10: 35 | L10: 9345 | M10: GT | N10: 0 | O10: 44697 | P10: 44713 | Q10: 44713 | R10: Clean up of 2021_x000D_ _x000D_ WEC Net Metering (not specified) and Coventry 1
A11: 243 | B11: Purchase | C11: Direct | D11: WEC | E11: 2021 | F11: MA1 | G11: 180 | H11: 180 | I11: 0 | J11: Not Specified | K11: 35 | L11: 6300 | M11: GT | N11: 0 | O11: 44697 | P11: 44713 | Q11: 44713 | R11: Clean up of 2021_x000D_ _x000D_ WEC Net Metering (not specified) and Coventry 1
A12: 223 | B12: Purchase | C12: Direct | D12: WEC | E12: 2022 | F12: MA1;RI1 | G12: 10000 | H12: 0 | I12: 10000 | J12: Not Specified | K12: 30 | L12: 300000 | M12: GT | N12: 0 | O12: 43712 | P12: 45078 | Q12: 45078 | R12: Strip deal with 10,000 RECs of 2021 vintage same qualifications._x000D_ _x000D_ GT brokered the deal but no broker fee included. _x000D_ _x000D_ This appears to be trade code 2019-7 in spreadsheet from WEC. However, the spreadsheet only included data for 2021 RECs. The broker confirm clearly shows 20,000 RECs total at 10k per year in 2021 and 2022._x000D_ _x000D_ Strip deal with REC Transaction 222_x000D_ _x000D_ Delivery Dates between April 15, 2023 and June 1, 2023.
A13: 226 | B13: Purchase | C13: Direct | D13: WEC | E13: 2022 | F13: MA1;RI1 | G13: 10000 | H13: 0 | I13: 10000 | J13: Not Specified | K13: 35 | L13: 350000 | M13: GT | N13: 0 | O13: 43959 | P13: 45078 | Q13: 45078 | R13: Trade Code 2020-3._x000D_ _x000D_ Part of Strip_x000D_ _x000D_ Delivery on or before June 1, 2023.
... A20: 256 | B20: Purchase | C20: Direct | D20: WEC | E20: 2024 | F20: MA1;RI1 | G20: 30000 | H20: 0 | I20: 30000 | J20: Not Specified | K20: 34.25 | L20: 1027500 | M20: GT | N20: 0 | O20: 44797 | P20: 45809 | Q20: 45809 | R20: Coventry and Sheffield
